 Dungeon Crawl Stone Soup version 0.14-a0-519-g334afa2 (webtiles) character file.

11397582 rdx the Conqueror (level 27, 274/274 (277) HPs)
             Began as a Minotaur Fighter on Oct 31, 2013.
             Was a High Priest of the Shining One.
             Escaped with the Orb
             ... and 15 runes on Nov 2, 2013!
             The game lasted 19:11:39 (144335 turns).

rdx the Conqueror (Minotaur Fighter)              Turns: 144335, Time: 19:11:39

HP 274/274 (277) AC 46     Str 28      XL: 27
MP  43/43        EV 31     Int  5      God: the Shining One [*****.]
Gold 11841       SH 59     Dex 21      Spells:  0 memorised, 44 levels left

Res.Fire  : + . .   See Invis. : .   d - +8,+7 Blessed Blade
Res.Cold  : + + .   Warding    : .   Q - +9 gold dragon armour
Life Prot.: + + +   Conserve   : .   q - +2 large shield {reflect}
Res.Poison: +       Res.Corr.  : .   P - +1 cap
Res.Elec. : +       Clarity    : .   v - +0 cloak of Starlight {rElec rC+ EV+4 Stlth-}
Sust.Abil.: + .     Spirit.Shd : .   N - +2 pair of dwarf gloves {Str+3}
Res.Mut.  : +       Stasis     : .   J - +1 pair of boots {run}
Res.Rott. : .       Flight     : .   j - amulet of resist mutation
Saprovore : . . .                    u - +5,+4 ring of slaying
                                     R - ring of sustain abilities

@: glowing, quick, quite resistant to hostile enchantments, extremely unstealthy
A: retaliatory headbutt, horns 2, Str +2
a: Divine Shield, Cleansing Flame, Summon Divine Warrior, Renounce Religion
}: 15/15 runes: serpentine, barnacled, slimy, silver, golden, iron, obsidian,
icy, bone, abyssal, demonic, glowing, magical, fiery, dark


You escaped.
You worshipped the Shining One. the Shining One was extremely pleased with you.
You were completely stuffed.

You visited 18 branches of the dungeon, and saw 107 of its levels.
You visited Pandemonium 2 times, and saw 34 of its levels.
You visited the Abyss 3 times.
You visited 1 bazaar.
You also visited: Trove and Ice Cave.

You collected 16172 gold pieces.
You spent 4351 gold pieces at shops.

Inventory:

Hand weapons
 d - a +8,+7 Blessed Blade (weapon)
Armour
 q - a +2 large shield of reflection (worn)
 v - the +0 cloak of Starlight (worn) {rElec rC+ EV+4 Stlth-}
   (You found it on level 5 of the Crypt)

   It affects your evasion (+4).
   It protects you from cold.
   It insulates you from electricity.
   It makes you much less stealthy.
 y - the +4 dragonskin cloak
   (You took it off Tiamat on level 5 of the Realm of Zot)
 J - a +1 pair of boots of running (worn)
 N - a +2 pair of dwarven gloves of strength (worn)
 P - a +1 cap (worn)
 Q - a +9 gold dragon armour (worn)
Magical devices
 E - a wand of hasting (2)
 I - a wand of teleportation (3)
 X - a wand of digging (13)
Comestibles
 g - 7 meat rations
 L - 2 royal jellies
Scrolls
 b - 10 scrolls of teleportation
 e - 3 scrolls of magic mapping
 f - 5 scrolls of blinking
 l - 4 scrolls of holy word
 z - 3 scrolls of fear
 C - 3 scrolls of remove curse
 F - 2 scrolls of silence
 T - 3 scrolls of fog
 U - 9 scrolls of recharging
 V - 4 scrolls of summoning
 Z - 8 scrolls of identify
Jewellery
 h - the macabre finger necklace {Ward}
   (You found it on level 7 of the Iron City of Dis)

   [amulet of warding]
 j - an amulet of resist mutation (around neck)
 k - an uncursed ring of protection from magic
 n - an uncursed ring of teleportation
 r - an uncursed ring of regeneration
 t - an uncursed ring of flight
 u - a +5,+4 ring of slaying (right hand)
 x - an uncursed amulet of stasis
 A - an uncursed amulet of clarity
 B - an uncursed ring of protection from fire
 G - an uncursed ring of regeneration
 H - an uncursed ring of protection from cold
 M - the ring of Dim Light {rPois SInv Stlth}
   (You took it off a deep elf demonologist on level 3 of the Elven Halls)

   [ring of poison resistance]

   It enhances your eyesight.
   It makes you more stealthy.
 R - a ring of sustain abilities (left hand)
Potions
 c - 4 potions of might
 m - 10 potions of restore abilities
 p - 6 potions of heal wounds
 w - 3 potions of agility
 D - 5 potions of curing
 K - 10 potions of magic
 O - 6 potions of cure mutation
Miscellaneous
 i - a phial of floods
 s - a phial of floods
 S - a phial of floods
 W - a phial of floods
Rods
 a - a +5 rod of frigid destruction (13/13)
   (You took it off a yellow draconian on level 1 of the Realm of Zot)


   Skills:
 O Level 27 Fighting
 + Level 26.0 Long Blades
   Level 5.1 Crossbows
 O Level 27 Armour
 O Level 27 Dodging
 - Level 0.8 Stealth
 O Level 27 Shields
 - Level 9.2 Spellcasting
   Level 3.1 Charms
 O Level 27 Invocations
 O Level 27 Evocations


You had 44 spell levels left.
You didn't know any spells.

Dungeon Overview and Level Annotations

Branches:
Dungeon (27/27)            Temple (1/1) D:6             Orc (4/4) D:6
    Elf (3/3) Orc:3          Lair (8/8) D:11         Shoals (5/5) Lair:4
  Snake (5/5) Lair:4        Slime (6/6) Lair:8       Vaults (5/5) D:16
  Blade (1/1) Vaults:3      Crypt (5/5) Vaults:3       Tomb (3/3) Crypt:2
    Dis (7/7) Hell            Geh (7/7) Hell            Coc (7/7) Hell
    Tar (7/7) Hell            Zot (5/5) D:27

Altars:
Ashenzari
Cheibriados
Elyvilon
Fedhas
Kikubaaqudgha
Makhleb
Nemelex Xobeh
Okawaru
Sif Muna
Trog
Vehumet
Xom
Yredelemnul
Zin
the Shining One

Shops:
D:7 =   D:13 /   Orc:1 *   Orc:4 ??*/   Elf:2 !   Vaults:2 +   Vaults:4 +

Portals:
Hell: D:21 D:22 D:23 D:24 D:25 D:26 D:27
Abyss: D:23 D:24 D:25
Pandemonium: D:21 D:23 D:24 D:27


Innate Abilities, Weirdness & Mutations

You reflexively headbutt those who attack you in melee.
You have a pair of horns on your head.
Your muscles are strong. (Str +2)


Message History

You headbutt the Executioner!
The Executioner is heavily wounded.
You block the Executioner's attack.
The Executioner hits you but does no damage.
The Executioner completely misses you. You furiously retaliate!
You headbutt the Executioner!! You block the Executioner's attack.
The Executioner completely misses you.
You hit the Executioner.
The Executioner convulses!
You kill the Executioner!
The Shining One accepts your kill.
You feel a little better.
No target in view!
No target in view!
There is a staircase leading out of the dungeon here.
Drink which item? (? for menu, Esc to quit)
Okay, then.
Eat which item? (? for menu, Esc to quit)
You continue eating.
You finish eating.
That meat ration really hit the spot!
You have escaped!

#.#.##......#...#...#........#.#.
#.#.###..#...#..#..#...#..####.#.
..........#.(#..#..#..#....# #...
#.####.....#..#.#.#..#.....# #...
..# #..#..[#.#.#.#.#...#..###...
..# #...##..#.#.#.#..##...#.....
..# #.....##.#...#.##.....#.#...
..# #.).....#)....#.......#.#...
..# #.######..)@...######.#.....
..# #...((.(#.....#.......).####
..# #.....##.#...#.##.....### ..#
#...##..#.#.#.#..##...# ..#
#..#...#.#.#.#.#...#..# #.#
#.....#..#.#.#..#.....#
#.####....#..#..#..#..#....#####
#........#...#..#..#...#..#....##
............#...#...#....)#.##.#ยง


There were no monsters in sight!

Vanquished Creatures
  Antaeus (Coc:7)
  Asmodeus (Geh:7)
  the royal jelly (Slime:6)
  Ereshkigal (Tar:7)
  Gloorx Vloq (Pan)
  Lom Lobon (Pan)
  Dispater (Dis:7)
  8 orbs of fire (Zot:5)
  Tiamat (Zot:5)
  Khufu (Crypt:5)
  10 ancient liches
  the Serpent of Hell (Coc:7)
  10 greater mummies
  The ghost of 4tharraofdagon the Axe Maniac, a great MiBe of Makhleb (Dis:7)
  Saint Roka (Snake:4)
  Boris (D:27)
  Sojobo (Crypt:5)
  Margery (Crypt:2)
  Norris (Shoals:3)
  Lamia (Snake:3)
  6 Killer Klowns
  Mara (D:24)
  Mennas (D:25)
  Geryon (Hell)
  13 bone dragons
  3 curse toes
  26 pandemonium lords
  7 golden dragons
  Xtahua (D:20)
  5 electric golems
  Nikola (Snake:4)
  27 Brimstone Fiends
  21 Hell Sentinels
  12 liches
  16 tentacled monstrosities
  36 Orb Guardians
  28 Ice Fiends
  A hellephant (D:22)
  3 deep elf blademasters (Elf:3)
  2 titans
  11 acid blobs
  29 Shadow Fiends
  Murray (Hell)
  2 deep elf master archers (Elf:3)
  25 Executioners
  The ghost of ark the Earth Mage, a mighty TrEE of Okawaru (Shoals:5)
  3 krakens
  11 storm dragons
  Polyphemus (Shoals:2)
  9 shadow dragons
  4 eldritch tentacles
  Rupert (Vaults:1)
  Agnes (Vaults:4)
  4 sphinxes
  Frances (Snake:2)
  8 ancient champions
  4 draconian monks
  4 azure jellies
  Roxanne (D:19)
  10 tengu reavers
  2 revenants
  Ilsuiw (Shoals:5)
  2 tentacled starspawn
  16 draconian knights
  Donald (Snake:2)
  3 draconian scorchers (Zot:1)
  Wiglaf (Snake:3)
  21 frost giants
  3 ghouls (Crypt:3)
  8 deep elf sorcerers (Elf:3)
  11 iron dragons
  Louise (D:18)
  11 fire giants
  2 curse skulls
  22 cacodemons
  7 vault wardens
  A ghost moth (Zot:5)
  3 draconian zealots
  An orc warlord (D:25)
  Gastronok (Lair:1)
  65 reapers
  30 balrugs
  Jorgrun (Snake:2)
  5 greater nagas (Snake:5)
  9 draconian shifters
  9 draconian annihilators
  8 grey draconians
  4 deep elf demonologists
  2 draconian callers
  48 stone giants
  12 blizzard demons
  7 eidola
  2 spectral tengu (Crypt:5)
  16 lorocyprocas
  11 green draconians
  A vampire knight (D:26)
  6 deep elf annihilators (Elf:3)
  5 black draconians
  20 purple draconians
  16 green deaths
  8 mottled draconians
  11 pale draconians
  11 yellow draconians
  13 red draconians
  A spriggan air mage (Pan)
  6 merfolk javelineers (Shoals:5)
  12 white draconians
  19 jiangshi
  A spectral sphinx (Crypt:5)
  9 ettins
  Snorg (Vaults:1)
  6 merfolk impalers
  5 deep elf death magi
  8 great orbs of eyes
  6 death oozes (Slime:6)
  38 vault guards
  7 dragons
  A siren (shapeshifter) (D:27)
  13 ironheart preservers
  14 mummy priests
  20 ogre magi
  41 yaktaur captains
  2 deep elf high priests (Elf:3)
  A siren (Shoals:5)
  21 ice dragons
  Fannar (D:10)
  19 dancing weapons
  Josephine (Shoals:1)
  10 death cobs
  2 merfolk aquamancers (Shoals:5)
  A ravenous feature mimic (Crypt:5)
  Nessos (D:12)
  4 anacondas
  3 ravenous item mimics
  14 hydras
  Erica (Lair:1)
  An anaconda (shapeshifter) (Vaults:5)
  An alligator snapping turtle (Shoals:5)
  7 deep troll earth magi
  A spectral stone giant (Crypt:3)
  7 deep troll shamans
  5 plague shamblers
  4 vampire magi
  6 very ugly things
  12 hell hogs
  6 death yaks
  32 naga warriors
  28 centaur warriors
  3 wretched stars
  4 orc high priests
  48 soul eaters
  7 rakshasas
  18 hell knights
  A storm dragon zombie (D:26)
  5 spectral elves
  3 thrashing horrors
  9 deep elf knights
  8 iron golems
  2 catoblepae
  Nergalle (D:16)
  A fire crab (Vaults:2)
  41 sun demons
  3 wizards (Pan)
  Erolcha (D:11)
  8 shadow wraiths
  128 skeletal warriors
  40 ice devils
  A golden dragon zombie (Crypt:3)
  14 iron trolls
  5 death drakes
  19 sea snakes
  7 hell beasts
  2 deep trolls (shapeshifter)
  A spatial maelstrom (Abyss:1)
  12 unseen horrors
  33 flayed ghosts
  3 storm dragon skeletons
  20 deep trolls
  3 giant orange brains
  5 lindwurms (D:25)
  16 shadow demons
  4 ice statues
  A faun (shapeshifter) (Vaults:5)
  9 ironbrand convokers
  6 giant amoebae
  18 hill giants
  6 shadow dragon zombies
  22 harpies
  A giant amoeba (shapeshifter) (D:21)
  22 orc knights
  4 oklob plants
  44 hellions
  Joseph (D:7)
  4 wolf spiders
  A wolf spider zombie (Crypt:1)
  9 deep elf conjurers
  10 flaming corpses
  28 iron dragon zombies
  16 necromancers
  2 sphinx zombies
  5 griffons
  78 large abominations
  A deathcap (Zot:4)
  2 statues (D:11)
  7 fire giant zombies
  A frost giant zombie (D:26)
  8 stone giant zombies
  10 orc sorcerers
  A red wasp (shapeshifter) (Vaults:5)
  4 draconian zombies
  15 shadow dragon skeletons
  18 phantasmal warriors
  21 cyclopes
  A harpy (shapeshifter) (D:23)
  A sphinx skeleton (Crypt:1)
  A stone golem (D:15)
  5 red wasps
  6 iron dragon skeletons
  30 moths of wrath
  4 shining eyes
  An elf zombie (Pan)
  3 spiny worms
  26 sixfirhies
  A frost giant skeleton (D:24)
  78 orange demons
  3 elephants (Lair:8)
  A spiny worm (shapeshifter) (Vaults:5)
  43 tormentors
  A dire elephant zombie (Crypt:1)
  4 fire giant skeletons
  An eye of devastation (shapeshifter) (D:18)
  23 stone giant skeletons
  2 guardian serpents (Snake:4)
  An item mimic (D:12)
  6 deep elf summoners
  10 spiny frogs
  2 spiny frogs (shapeshifter)
  2 feature mimics
  2 eyes of devastation (Slime:6)
  A spectral human (Crypt:2)
  16 vault sentinels
  A dire elephant skeleton (Crypt:1)
  A satyr skeleton (Crypt:3)
  13 small abominations
  3 yaktaurs (shapeshifter)
  A yaktaur zombie (D:26)
  A green draconian zombie (Crypt:4)
  98 smoke demons
  2 grey draconian zombies
  9 deep elf priests
  32 iron devils
  A yellow draconian zombie (Zot:1)
  31 black mambas
  3 efreet
  9 mermaids
  A redback zombie (Crypt:3)
  21 trolls
  100 hellwings
  63 yaktaurs
  A centaur zombie (D:16)
  7 naga magi
  60 red devils
  10 demonic crawlers
  A black draconian skeleton (Pan)
  79 guardian mummies
  A spectral deep troll (Tomb:3)
  Grinder (D:3)
  4 ancient zymes
  A troll (shapeshifter) (Vaults:3)
  A red draconian skeleton (Crypt:4)
  2 iron troll zombies
  A harpy zombie (Crypt:1)
  12 komodo dragons
  10 death drake zombies
  7 fire drakes
  4 silent spectres
  A wind drake (shapeshifter) (Vaults:2)
  A mottled draconian skeleton (Crypt:1)
  39 two-headed ogres
  A jumping spider (Elf:1)
  24 polar bears
  50 blue devils
  8 human zombies
  2 iron troll skeletons
  45 slime creatures
  Prince Ribbit (D:7)
  A moth of wrath zombie (Zot:2)
  A catoblepas skeleton (Crypt:2)
  A jumping spider (shapeshifter) (Abyss:1)
  2 ettin zombies
  An elf (shapeshifter) (D:20)
  A hydra skeleton (D:12)
  2 dryad zombies
  61 ice dragon zombies
  11 grizzly bears (Lair:8)
  A slime creature (shapeshifter) (D:26)
  3 bog bodies (Crypt:4)
  A griffon zombie (D:18)
  6 boulder beetles
  A trapdoor spider (Lair:6)
  5 basilisks
  6 brown oozes
  A fire giant simulacrum (Tomb:2)
  13 death drake skeletons
  4 blink frogs (Lair:1)
  A frost giant simulacrum (Crypt:3)
  16 redbacks
  A grizzly bear (shapeshifter) (Vaults:5)
  14 snapping turtles
  2 air elementals (Crypt:5)
  A dragon skeleton (Crypt:3)
  4 wyverns
  33 wraiths
  A dryad skeleton (Crypt:5)
  A dire elephant simulacrum (Crypt:2)
  28 ice dragon skeletons
  2 elephant slugs
  5 ettin skeletons
  A toenail golem (Vaults:1)
  28 water elementals
  28 deep elf magi
  A griffon skeleton (D:16)
  3 fire elementals (Elf:2)
  134 flying skulls
  A queen ant zombie (Crypt:2)
  2 tarantellas
  80 ugly things
  A spiny worm zombie (D:20)
  37 vampire mosquitoes
  19 chaos spawn
  22 hippogriffs
  60 ynoxinuls
  Eustachio (D:9)
  89 yaks
  A giant firefly zombie (Crypt:3)
  7 sharks
  19 vampires
  A clay golem (Vaults:1)
  57 shadows
  47 merfolk
  9 golden eyes
  12 hungry ghosts
  38 deep elf fighters
  97 neqoxecs
  A redback simulacrum (Crypt:1)
  A faun zombie (Crypt:1)
  Edmund (D:7)
  5 soldier ants
  2 rock worms
  6 swamp drakes
  8 manticores
  11 wolves
  An agate snail zombie (Crypt:1)
  41 freezing wraiths
  5 mottled dragons
  An orange crystal statue (D:22)
  A death drake simulacrum (Tar:3)
  8 molten gargoyles (Geh:7)
  20 necrophages
  7 phantoms
  An ettin simulacrum (Crypt:2)
  63 hell hounds
  A human (D:8)
  57 orc warriors
  3 yellow wasps
  16 ice beasts
  3 deep troll skeletons
  10 porcupines
  100 nagas
  3 snapping turtle zombies
  8 black bears
  8 giant goldfish
  2 dryad simulacra
  An orc zombie (D:16)
  4 sky beasts
  82 ogres
  2 merfolk skeletons (Shoals:1)
  3 boring beetles
  A blink frog zombie (Tomb:1)
  A snapping turtle skeleton (Shoals:1)
  12 crocodiles
  2 elephant skeletons
  22 centaurs
  12 wargs
  A giant firefly simulacrum (Crypt:1)
  Sigmund (D:4)
  A draconian skeleton (Crypt:3)
  19 rotting devils
  11 lava worms
  A mermaid zombie (Shoals:1)
  A fire crab zombie (Crypt:3)
  14 giant frogs
  4 big kobolds
  A brain worm (D:18)
  14 giant slugs
  49 water moccasins
  A mermaid skeleton (Shoals:1)
  A silver statue (D:22)
  A wyvern zombie (D:12)
  2 cyclops zombies
  8 agate snails
  2 eyes of draining
  4 yaktaur skeletons
  A boulder beetle zombie (Vaults:3)
  A hippogriff zombie (D:13)
  A manticore skeleton (D:12)
  A cyclops skeleton (D:16)
  A troll zombie (D:11)
  A shapeshifter (Crypt:1)
  A grizzly bear zombie (Crypt:2)
  7 giant goldfish zombies
  4 shark zombies
  8 lava fish
  2 yak skeletons
  57 wights
  9 killer bees (D:12)
  The ghost of rdx the Cudgeler, a weakling GrFi (D:3)
  12 jellyfish
  A goliath beetle (shapeshifter) (Vaults:5)
  2 goliath beetles
  16 quasits
  12 lava snakes
  2 pulsating lumps (Lair:8)
  17 big fish
  2 giant frog zombies
  A boring beetle zombie (D:18)
  16 hounds
  24 crimson imps
  27 iron imps
  A starcursed mass (Abyss:1)
  15 electric eels
  A giant frog skeleton (Crypt:2)
  6 jellies
  36 orc priests
  Crazy Yiuf (D:7)
  A basilisk zombie (Crypt:4)
  7 iguanas
  A soldier ant zombie (D:10)
  A hound (shapeshifter) (D:25)
  36 orc wizards
  A giant slug simulacrum (Crypt:3)
  22 orange rats
  2 centaur skeletons
  A giant goldfish simulacrum (Coc:5)
  5 scorpions
  26 sheep
  7 worker ants
  A dwarf zombie (Crypt:3)
  A necrophage skeleton (Tar:6)
  A demigod skeleton (Crypt:4)
  A mottled dragon skeleton (D:16)
  31 mummies
  10 boggarts
  A naga zombie (Crypt:3)
  2 spectral orange rats (Hell)
  A worker ant zombie (D:5)
  45 green rats
  An orange rat skeleton (Crypt:3)
  4 big fish zombies
  20 lemures
  A swamp drake skeleton (Crypt:2)
  A swamp drake zombie (Crypt:2)
  A big fish skeleton (Coc:7)
  20 shadow imps
  59 adders
  6 giant centipedes
  A mottled dragon simulacrum (D:16)
  A goliath beetle zombie (Crypt:4)
  6 worms
  25 white imps
  69 ufetubi
  An adder skeleton (D:8)
  An adder zombie (Crypt:2)
  7 giant eyeballs
  8 giant geckos
  5 oozes
  219 orcs
  2 ball pythons
  A bat skeleton (Shoals:1)
  9 giant cockroaches
  21 hobgoblins
  7 jackals
  35 kobolds
  11 quokkas
  9 training dummies (Elf:3)
  21 bats
  5 giant newts
  2 giant spores
  19 goblins
  A goblin zombie (D:5)
  A grey rat zombie (Crypt:1)
  2 hobgoblin zombies
  30 illusory rakshasas
  A kobold skeleton (Crypt:4)
  A lurking horror (Abyss:1)
  An orc skeleton (Crypt:1)
  20 rats
  A rat skeleton (D:4)
  2 ballistomycetes
  3 bushes
  A crawling corpse (Elf:3)
  A fungus (Elf:2)
  8 plants
  5 tentacles
  A tentacle segment (Shoals:4)
5980 creatures vanquished.

Vanquished Creatures (collateral kills)
  Cerebov (Pan)
  Mnoleg (Pan)
  2 ancient liches (Tar:7)
  3 greater mummies
  Boris (Tomb:1)
  3 pandemonium lords (Pan)
  6 Brimstone Fiends (Pan)
  2 profane servitors (Pan)
  A lich (Pan)
  9 Hell Sentinels
  13 Ice Fiends
  10 Shadow Fiends
  5 acid blobs
  2 Executioners (Pan)
  4 sphinxes (Tomb:1)
  2 frost giants (Coc:7)
  3 iron dragons (Dis:7)
  4 cacodemons
  10 balrugs
  6 reapers
  7 blizzard demons (Pan)
  5 green deaths (Pan)
  8 lorocyprocas
  A white draconian (Abyss:4)
  4 mummy priests
  A dragon (Pan)
  A jiangshi (Tomb:2)
  An ice dragon (Coc:7)
  2 hell hogs
  A wretched star (Abyss:4)
  13 sun demons (Pan)
  A thrashing horror (Abyss:2)
  12 soul eaters
  2 rakshasas (Pan)
  A shadow wraith (Pan)
  11 skeletal warriors
  9 large abominations (Pan)
  3 hell beasts (Pan)
  2 flayed ghosts
  3 shadow demons
  2 ice devils (Pan)
  2 giant orange brains (Pan)
  2 shadow dragon zombies
  A giant amoeba (Slime:4)
  A flaming corpse (Geh:2)
  4 wizards (Pan)
  5 iron dragon zombies (Dis:7)
  7 hellions
  A shadow dragon skeleton (Geh:4)
  A shining eye (Slime:4)
  A spectral ettin (Tomb:2)
  23 sixfirhies (Pan)
  24 orange demons
  29 smoke demons (Pan)
  A tormentor (Tar:7)
  An efreet (Pan)
  A demonic crawler (Pan)
  An ancient zyme (Abyss:2)
  5 iron devils
  16 guardian mummies
  39 hellwings
  3 death drake zombies
  33 red devils
  5 blue devils
  3 slime creatures
  6 ice dragon zombies
  7 ynoxinuls (Pan)
  3 ice dragon skeletons (Coc:7)
  A stone giant simulacrum (Tomb:2)
  11 flying skulls
  4 water elementals (Coc:7)
  2 wraiths
  2 vampires
  4 shadows
  A golden eye (Slime:2)
  9 neqoxecs
  2 brown oozes
  A chaos spawn (Pan)
  2 hungry ghosts
  3 hell hounds
  2 necrophages
  3 freezing wraiths
  An ice beast (Coc:7)
  5 rotting devils
  A lava worm (Geh:5)
  2 eyes of draining (Slime:4)
  A lava fish (Geh:2)
  A pulsating lump (Slime:2)
  6 wights
  3 lava snakes
  A quasit (Pan)
  8 crimson imps (Pan)
  An iron imp (Dis:7)
  8 mummies
  5 lemures (Pan)
  2 shadow imps (Pan)
  9 white imps
  34 ufetubi (Pan)
  2 oozes
  2 illusory rakshasas (Pan)
542 creatures vanquished.

Vanquished Creatures (others)
  A pandemonium lord (Pan)
  Boris (Vaults:4)
  An Orb Guardian (Zot:5)
  An eldritch tentacle (Coc:7)
  A lich (D:26)
  14 daevas
  A draconian scorcher (Zot:1)
  15 angels
  2 balrugs (Pan)
  A greater naga (Snake:5)
  A reaper (Tomb:2)
  A deep elf annihilator (Pan)
  A merfolk javelineer (Shoals:5)
  A yellow draconian (D:27)
  A death yak (Shoals:2)
  A ball lightning (Pan)
  An unseen horror (Vaults:1)
  A lindwurm (D:25)
  A necromancer (Crypt:2)
  28 water elementals
  A vault sentinel (Vaults:5)
  A draconian zombie (D:25)
  2 tormentors
  A smoke demon (D:27)
  A hellwing (Pan)
  A blue devil (Pan)
  A death drake zombie (Geh:3)
  A moth of wrath zombie (Zot:2)
  An iron devil (Pan)
  An ice dragon zombie (Geh:7)
  A trapdoor spider (Pan)
  2 redbacks (Pan)
  A shadow (Geh:3)
  An ice dragon skeleton (Geh:1)
  2 ugly things
  A yak (D:9)
  A deep elf fighter (Elf:3)
  A small abomination (Abyss:2)
  2 swamp drakes (D:25)
  2 ogres
  A centaur (D:9)
  12 lost souls
  2 rotting devils (Pan)
  A wight (Coc:3)
  A quasit (Dis:7)
  An orc wizard (Snake:4)
  A mummy (Tomb:2)
  A lemure (Pan)
  A white imp (Pan)
  3 ufetubi (Pan)
  A worm (D:9)
  2 orcs
  A giant spore (D:13)
  6 illusory rakshasas (Abyss:1)
  A kobold (D:9)
  2 lurking horrors
  A rat (D:9)
  A crawling corpse (Elf:3)
  143 eldritch tentacle segments
  21 fungi
  33 plants
  2 starspawn tentacles (Abyss:1)
  22 tentacles
  219 tentacle segments
579 creatures vanquished.

Grand Total: 7101 creatures vanquished

Notes
Turn   | Place    | Note
--------------------------------------------------------------
     0 | D:1      | rdx, the Minotaur Fighter, began the quest for the Orb.
     0 | D:1      | Reached XP level 1. HP: 19/19 MP: 0/0
   161 | D:1      | Reached XP level 2. HP: 19/26 MP: 0/0
   163 | D:1      | Reached skill level 4 in Shields
   798 | D:2      | Reached XP level 3. HP: 33/33 MP: 1/1
  1222 | D:2      | Found a sparkling altar of Nemelex Xobeh.
  1222 | D:2      | Found a glowing silver altar of Zin.
  1402 | D:3      | Noticed rdx's ghost (weakling GrFi)
  1422 | D:3      | Killed rdx's ghost
  1422 | D:3      | Reached skill level 1 in Dodging
  1422 | D:3      | Reached XP level 4. HP: 39/39 MP: 1/1
  1458 | D:3      | Noticed Grinder
  1467 | D:3      | Paralysed by Grinder for 7 turns
  1491 | D:3      | Killed Grinder
  1491 | D:3      | Reached skill level 5 in Armour
  1491 | D:3      | Reached skill level 5 in Shields
  1491 | D:3      | Reached XP level 5. HP: 28/46 MP: 1/1
  1491 | D:3      | Reached XP level 6. HP: 31/52 MP: 2/2
  1660 | D:3      | Reached skill level 5 in Long Blades
  1837 | D:3      | Noticed a moth of wrath
  1839 | D:3      | Found a bloodstained altar of Trog.
  2174 | D:4      | Noticed Sigmund
  2381 | D:4      | Reached XP level 7. HP: 57/59 MP: 2/2
  2473 | D:4      | Reached skill level 6 in Long Blades
  2905 | D:4      | Killed Sigmund
  3048 | D:5      | Entered Level 5 of the Dungeon
  3586 | D:6      | Reached XP level 8. HP: 58/66 MP: 2/2
  3623 | D:6      | Found a staircase to the Ecumenical Temple.
  3653 | Temple   | Entered the Ecumenical Temple
  3660 | Temple   | Became a worshipper of Warmaster Okawaru
  3824 | D:6      | Reached skill level 7 in Long Blades
  3884 | D:6      | Found a staircase to the Orcish Mines.
  4535 | D:7      | Noticed Edmund
  4551 | D:7      | Killed Edmund
  4551 | D:7      | Acquired Okawaru's first power
  4551 | D:7      | Reached skill level 5 in Dodging
  4677 | D:7      | Noticed Prince Ribbit
  4693 | D:7      | Killed Prince Ribbit
  4693 | D:7      | Reached skill level 8 in Long Blades
  4716 | D:7      | Found Grycu's Jewellery Shop.
  4740 | D:7      | Bought an uncursed amulet of resist corrosion for 260 gold pieces
  4861 | D:7      | Noticed Joseph
  4887 | D:7      | Killed Joseph
  4887 | D:7      | Reached skill level 9 in Long Blades
  4887 | D:7      | Reached XP level 9. HP: 67/72 MP: 3/3
  4913 | D:7      | Noticed Crazy Yiuf
  4921 | D:7      | Killed Crazy Yiuf
  4931 | D:7      | Got a steaming hammer
  4932 | D:7      | Identified the +9,+5 hammer of Dahihy {pain, MR++ Int+4} (You found it on level 7 of the Dungeon)
  4932 | D:7      | Identified the +9,+5 hammer of Dahihy {pain, MR++ Int+4} (You found it on level 7 of the Dungeon)
  5453 | D:8      | Paralysed by a giant eyeball for 2 turns
  5535 | D:8      | Noticed a cyclops
  5570 | D:8      | Killed a cyclops
  5570 | D:8      | Reached skill level 10 in Long Blades
  6138 | D:7      | Got a crystal hammer
  6141 | D:7      | Identified the cursed -2,-2 hammer of the Middle {drain, rPois rC+} (You found it on level 7 of the Dungeon)
  6141 | D:7      | Identified the cursed -2,-2 hammer of the Middle {drain, rPois rC+} (You found it on level 7 of the Dungeon)
  6378 | D:9      | Reached XP level 10. HP: 79/79 MP: 3/3
  6521 | D:9      | Found a shimmering altar of Xom.
  6701 | D:9      | Noticed Eustachio
  6712 | D:9      | Killed Eustachio
  6712 | D:9      | Reached skill level 11 in Long Blades
  7034 | D:10     | Entered Level 10 of the Dungeon
  7555 | D:10     | Noticed Fannar
  7600 | D:10     | Killed Fannar
  7600 | D:10     | Acquired Okawaru's second power
  7600 | D:10     | Reached skill level 12 in Long Blades
  7827 | D:11     | Reached skill level 10 in Shields
  7833 | D:11     | Received a gift from Okawaru
  7839 | D:11     | Reached XP level 11. HP: 52/84 MP: 3/3
  7987 | D:11     | Noticed Erolcha
  8128 | D:11     | Found a staircase to the Lair.
  8344 | D:11     | Noticed an archer statue
  8355 | D:11     | Noticed an archer statue
  9082 | D:11     | Killed Erolcha
  9082 | D:11     | Reached skill level 10 in Armour
  9139 | D:11     | Got a distressingly furry plate armour
  9169 | D:11     | Identified the cursed -1 plate armour "Eppat" {Str+2 Int+3} (You found it on level 11 of the Dungeon)
  9249 | D:11     | Killed an archer statue
  9308 | D:11     | Killed an archer statue
  9382 | Lair:1   | Entered Level 1 of the Lair of Beasts
  9494 | Lair:1   | Noticed Gastronok
  9499 | Lair:1   | Reached skill level 13 in Long Blades
  9524 | Lair:1   | Killed Gastronok
  9816 | Lair:1   | Noticed Erica
 10461 | Lair:1   | Reached skill level 1 in Invocations
 10804 | Lair:1   | Killed Erica
 10954 | D:7      | Bought an uncursed ring of poison resistance for 260 gold pieces
 11736 | Lair:2   | Received a gift from Okawaru
 11736 | Lair:2   | Reached XP level 12. HP: 85/92 MP: 8/8
 11742 | Lair:2   | Got an ichor-stained crossbow {god gift}
 11743 | Lair:2   | Identified the +7,+5 crossbow of Embarrassment {penet, +Inv MR++ Str+3} (Okawaru gifted it to you on level 2 of the Lair of Beasts)
 11743 | Lair:2   | Identified the +7,+5 crossbow of Embarrassment {penet, +Inv MR++ Str+3} (Okawaru gifted it to you on level 2 of the Lair of Beasts)
 12659 | Lair:3   | Reached skill level 14 in Long Blades
 12778 | Lair:3   | Reached skill level 10 in Dodging
 13398 | Lair:3   | Reached skill level 1 in Crossbows
 13526 | Lair:3   | Received a gift from Okawaru
 13533 | Lair:3   | Identified a +1 cloak of preservation (Okawaru gifted it to you on level 3 of the Lair of Beasts)
 13795 | Lair:4   | Found a staircase to the Snake Pit.
 13831 | Lair:4   | Reached skill level 5 in Fighting
 13893 | Lair:4   | Noticed a seven-headed hydra
 13905 | Lair:4   | Killed a three-headed hydra
 13918 | Lair:4   | Upgraded the game from 0.14-a0-445-g388476e to 0.14-a0-484-gae2d0ec
 13962 | Lair:4   | Found a staircase to the Shoals.
 14113 | Lair:4   | Found a frozen archway.
 14171 | IceCv    | Entered an ice cave
 14923 | IceCv    | Reached XP level 13. HP: 80/104 MP: 14/14
 15075 | IceCv    | Noticed a frost giant
 15085 | IceCv    | Received a gift from Okawaru
 15096 | IceCv    | Killed a frost giant
 15096 | IceCv    | Reached skill level 5 in Invocations
 15291 | IceCv    | Got a warped halberd
 15583 | Lair:4   | Identified the +6,+5 halberd of the Globe {chop, rC+} (You found it in an ice cave)
 15583 | Lair:4   | Identified the +6,+5 halberd of the Globe {chop, rC+} (You found it in an ice cave)
 16160 | Lair:4   | Received a gift from Okawaru
 17060 | Lair:5   | Reached skill level 5 in Crossbows
 20576 | Lair:8   | Entered Level 8 of the Lair of Beasts
 20585 | Lair:8   | Reached XP level 14. HP: 104/115 MP: 20/20
 20682 | Lair:8   | Received a gift from Okawaru
 21232 | Lair:8   | Reached skill level 15 in Armour
 21357 | Lair:8   | Found a staircase to the Slime Pits.
 22237 | Lair:8   | Reached skill level 16 in Armour
 23438 | D:12     | Noticed Nessos
 23468 | D:12     | Killed Nessos
 24306 | D:13     | Found Skaegh's Magical Wand Shop.
 24846 | D:13     | Identified a +0 rod of venom (7/14) (You found it on level 13 of the Dungeon)
 24968 | D:14     | Entered Level 14 of the Dungeon
 25050 | D:14     | Reached skill level 10 in Fighting
 25058 | D:14     | Received a gift from Okawaru
 25380 | D:15     | Entered Level 15 of the Dungeon
 25616 | D:15     | Got a warped flail
 25901 | D:15     | Identified the +7,+12 flail of Okawaru's Displeasure {holy, Int+3 Stlth++} (You found it on level 15 of the Dungeon)
 25901 | D:15     | Identified the +7,+12 flail of Okawaru's Displeasure {holy, Int+3 Stlth++} (You found it on level 15 of the Dungeon)
 26789 | D:16     | Noticed Nergalle
 26803 | D:16     | Killed Nergalle
 26803 | D:16     | Reached XP level 15. HP: 118/125 MP: 22/22
 27279 | Orc:1    | Entered Level 1 of the Orcish Mines
 27451 | Orc:1    | Reached skill level 17 in Armour
 27644 | Orc:1    | Found Placs' General Store.
 27685 | Orc:1    | Bought a scroll of teleportation for 48 gold pieces
 27685 | Orc:1    | Bought a potion of heal wounds for 48 gold pieces
 28695 | Orc:3    | Found a staircase to the Elven Halls.
 29249 | Orc:4    | Entered Level 4 of the Orcish Mines
 29384 | Orc:4    | Received a gift from Okawaru
 29401 | Orc:4    | Found Psesibel's Magic Scroll Shoppe.
 29590 | Orc:4    | Found Ghamm's Magic Scroll Emporium.
 29592 | Orc:4    | Found Tokat's Magical Wand Boutique.
 29601 | Orc:4    | Found Raoheyq's Assorted Antiques.
 29929 | Orc:4    | HP: 6/127 [orc knight/orcish glaive (16)]
 30721 | Orc:4    | Bought a scroll of identify for 30 gold pieces
 30721 | Orc:4    | Bought 2 scrolls of teleportation for 90 gold pieces
 30721 | Orc:4    | Bought a scroll of enchant weapon II for 82 gold pieces
 30721 | Orc:4    | Bought a scroll of acquirement for 780 gold pieces
 30735 | Orc:4    | Bought a potion of heal wounds for 105 gold pieces
 30735 | Orc:4    | Bought a scroll of blinking for 192 gold pieces
 30735 | Orc:4    | Bought a scroll of recharging for 192 gold pieces
 30735 | Orc:4    | Bought a potion of curing for 70 gold pieces
 30742 | Orc:4    | Bought a scroll of identify for 28 gold pieces
 30742 | Orc:4    | Bought a scroll of enchant armour for 77 gold pieces
 30742 | Orc:4    | Bought a scroll of enchant weapon I for 77 gold pieces
 30742 | Orc:4    | Bought a scroll of enchant weapon III for 280 gold pieces
 30742 | Orc:4    | Bought a scroll of blinking for 77 gold pieces
 30742 | Orc:4    | Bought a scroll of recharging for 77 gold pieces
 31058 | Snake:1  | Entered Level 1 of the Snake Pit
 32180 | Snake:2  | Received a gift from Okawaru
 32191 | Snake:2  | Got a bloodstained demon blade {god gift}
 32192 | Snake:2  | Identified the +5,+0 demon blade of Juleckuj {flame, Str+1 Stlth+} (Okawaru gifted it to you on level 2 of the Snake Pit)
 32192 | Snake:2  | Identified the +5,+0 demon blade of Juleckuj {flame, Str+1 Stlth+} (Okawaru gifted it to you on level 2 of the Snake Pit)
 32292 | Snake:2  | Noticed Donald
 32321 | Snake:2  | Killed Donald
 32455 | Snake:2  | Noticed Jorgrun
 32472 | Snake:2  | Killed Jorgrun
 32481 | Snake:2  | Noticed Frances
 32962 | Snake:2  | Killed Frances
 33262 | Snake:3  | Noticed Lamia
 33285 | Snake:3  | Killed Lamia
 33296 | Snake:3  | Noticed Wiglaf
 33311 | Snake:3  | Killed Wiglaf
 33372 | Snake:3  | Reached XP level 16. HP: 138/138 MP: 22/22
 34265 | Snake:4  | Received a gift from Okawaru
 34316 | Snake:4  | Noticed Saint Roka
 34483 | Snake:4  | Noticed Nikola
 34501 | Snake:4  | Killed Nikola
 34555 | Snake:4  | Killed Saint Roka
 35252 | Lair:2   | Gained mutation: Your muscles are strong. (Str +2) [potion of beneficial mutation]
 35253 | Lair:2   | Gained mutation: Your muscles are very strong. (Str +4) [potion of beneficial mutation]
 35391 | Snake:5  | Entered Level 5 of the Snake Pit
 35822 | Snake:5  | Received a gift from Okawaru
 35920 | Snake:5  | Reached skill level 15 in Shields
 36984 | Snake:5  | Got a serpentine rune of Zot
 37424 | Elf:1    | Entered Level 1 of the Elven Halls
 37695 | Elf:1    | Received a gift from Okawaru
 37704 | Elf:1    | Got a polished double sword {god gift}
 37717 | Elf:1    | Identified the +6,+8 double sword of Gasu {venom, rF+} (Okawaru gifted it to you on level 1 of the Elven Halls)
 37747 | Elf:1    | Reached skill level 15 in Dodging
 37784 | Elf:1    | Reached XP level 17. HP: 149/149 MP: 23/23
 38273 | Elf:2    | Found Vaiwih's Distillery.
 38322 | Elf:2    | Gained mutation: You are frail (-10% HP). [a neqoxec]
 39110 | Elf:3    | Entered Level 3 of the Elven Halls
 39492 | Elf:3    | Received a gift from Okawaru
 39500 | Elf:3    | Upgraded the game from 0.14-a0-484-gae2d0ec to 0.14-a0-504-gf2529f3
 39528 | Elf:3    | Got a steaming falchion
 39922 | Elf:3    | Reached skill level 15 in Fighting
 40422 | Elf:3    | Received a gift from Okawaru
 40451 | Elf:3    | Cast into the Abyss (deep elf sorcerer)
 40482 | Abyss:1  | Found a corrupted altar of Lugonu.
 40901 | Elf:3    | Escaped the Abyss
 41170 | Elf:3    | Reached skill level 18 in Shields
 41199 | Elf:3    | Got a steaming spear
 41222 | Elf:3    | Got an ancient tin ring
 41233 | Elf:3    | Identified a +2 pair of boots of running (You found it on level 3 of the Elven Halls)
 41264 | Elf:3    | Identified Lee's Volume of Confrontation (You found it on level 3 of the Elven Halls)
 41276 | Elf:3    | Got a crude lead ring
 41294 | Elf:3    | Identified the Handbook of Confrontation (You found it on level 3 of the Elven Halls)
 41477 | Elf:3    | Identified the Grimoire of Lightness
 41482 | Elf:3    | Got a jewelled scimitar
 41498 | Elf:3    | Identified the ring of Dim Light {rPois SInv Stlth} (You took it off a deep elf demonologist on level 3 of the Elven Halls)
 41499 | Elf:3    | Identified the ring "Geicakhlo" {Int+3 Stlth--} (You found it on level 3 of the Elven Halls)
 41531 | Elf:3    | Identified the +5,+11 falchion of Liext {venom, rF+ SInv} (You found it on level 3 of the Elven Halls)
 41531 | Elf:3    | Identified the +5,+11 falchion of Liext {venom, rF+ SInv} (You found it on level 3 of the Elven Halls)
 41532 | Elf:3    | Identified the +10,+6 spear "Obuthreli" {antimagic, rF+ Str+1} (You took it off a deep elf sorcerer on level 3 of the Elven Halls)
 41532 | Elf:3    | Identified the +10,+6 spear "Obuthreli" {antimagic, rF+ Str+1} (You took it off a deep elf sorcerer on level 3 of the Elven Halls)
 41533 | Elf:3    | Identified the cursed -2,+2 scimitar of Inference {slice, MR++ Dex+2} (You found it on level 3 of the Elven Halls)
 41533 | Elf:3    | Identified the cursed -2,+2 scimitar of Inference {slice, MR++ Dex+2} (You found it on level 3 of the Elven Halls)
 42280 | D:17     | Reached XP level 18. HP: 144/144 MP: 24/24
 42317 | D:17     | Received a gift from Okawaru
 43129 | D:18     | Noticed Louise
 43145 | D:18     | Killed Louise
 43934 | D:18     | Received a gift from Okawaru
 44025 | D:18     | Reached skill level 19 in Shields
 44366 | D:19     | Reached skill level 15 in Long Blades
 44588 | D:19     | Noticed Roxanne
 44610 | D:19     | Killed Roxanne
 44639 | D:19     | Identified Roxanne's Guide on Changing (You took it off Roxanne on level 19 of the Dungeon)
 45050 | D:20     | Entered Level 20 of the Dungeon
 45089 | D:20     | Found a portal to a secret trove of treasure.
 45147 | D:20     | Noticed Xtahua
 45167 | D:20     | Killed Xtahua
 45513 | D:20     | Received a gift from Okawaru
 46100 | D:20     | Found a blossoming altar of Fedhas.
 46489 | D:21     | Reached skill level 20 in Shields
 46666 | D:21     | Found a gateway to Hell.
 47097 | D:21     | Found a one-way gate leading to the halls of Pandemonium.
 47650 | D:16     | Reached XP level 19. HP: 72/152 MP: 25/25
 48418 | D:16     | Found a staircase to the Vaults.
 48563 | Vaults:1 | Entered Level 1 of the Vaults
 48612 | Vaults:1 | Paralysed by a great orb of eyes for 3 turns
 48706 | Vaults:1 | Noticed Snorg
 48720 | Vaults:1 | Killed Snorg
 48724 | Vaults:1 | Received a gift from Okawaru
 49174 | Vaults:1 | Noticed a Brimstone Fiend
 49243 | Vaults:1 | Reached skill level 21 in Shields
 49890 | Vaults:1 | Noticed Rupert
 49910 | Vaults:1 | Killed Rupert
 50453 | Vaults:2 | Found a deep blue altar of Sif Muna.
 50575 | Vaults:2 | Received a gift from Okawaru
 50671 | Vaults:2 | Found Fyzaula's Book Shoppe.
 51565 | Vaults:3 | Found a staircase to the Crypt.
 51850 | Vaults:3 | Reached XP level 20. HP: 163/163 MP: 25/25
 52134 | Vaults:3 | Found a staircase to the Hall of Blades.
 52289 | Blade    | Entered the Hall of Blades
 53306 | Vaults:4 | Received a gift from Okawaru
 53356 | Vaults:4 | Noticed Boris
 53381 | Vaults:4 | Killed Boris
 53891 | Vaults:4 | Noticed Agnes
 53912 | Vaults:4 | Killed Agnes
 54002 | Vaults:4 | Found Shraple's Book Shop.
 54815 | Shoals:1 | Entered Level 1 of the Shoals
 55098 | Shoals:1 | Got a bone whip
 55365 | Shoals:1 | Received a gift from Okawaru
 55453 | Shoals:1 | Noticed Josephine
 55480 | Shoals:1 | Killed Josephine
 55691 | Shoals:2 | Noticed Polyphemus
 55736 | Shoals:2 | Killed Polyphemus
 56653 | Shoals:3 | Noticed Norris
 57381 | Shoals:4 | Found a gateway to a bazaar.
 57402 | Bazaar   | Entered a bazaar
 57402 | Bazaar   | Found Humi's Magic Scroll Emporium.
 57402 | Bazaar   | Found Klelig's Food Shoppe.
 57411 | Bazaar   | Found Farezes' Weapon Emporium.
 57425 | Bazaar   | Found Hazxyan's Distillery.
 57444 | Bazaar   | Bought a scroll of magic mapping for 42 gold pieces
 57444 | Bazaar   | Bought a scroll of blinking for 66 gold pieces
 57444 | Bazaar   | Bought a scroll of enchant weapon II for 66 gold pieces
 57463 | Bazaar   | Bought a potion of flight for 33 gold pieces
 57463 | Bazaar   | Bought a potion of invisibility for 60 gold pieces
 57463 | Bazaar   | Bought a potion of curing for 22 gold pieces
 57463 | Bazaar   | Bought a potion of heal wounds for 33 gold pieces
 57463 | Bazaar   | Bought a potion of curing for 22 gold pieces
 57463 | Bazaar   | Bought a potion of restore abilities for 33 gold pieces
 57463 | Bazaar   | Bought a potion of speed for 60 gold pieces
 57463 | Bazaar   | Bought a potion of invisibility for 60 gold pieces
 57463 | Bazaar   | Bought a potion of curing for 22 gold pieces
 57463 | Bazaar   | Bought a potion of curing for 22 gold pieces
 57463 | Bazaar   | Bought a potion of curing for 22 gold pieces
 57463 | Bazaar   | Bought a potion of invisibility for 60 gold pieces
 57463 | Bazaar   | Bought a potion of curing for 22 gold pieces
 57825 | Shoals:5 | Entered Level 5 of the Shoals
 57910 | Shoals:5 | Reached XP level 21. HP: 172/175 MP: 26/26
 57967 | Shoals:5 | Cast into the Abyss (merfolk impaler)
 58032 | Abyss:1  | Found a roughly hewn altar of Beogh.
 58059 | Abyss:1  | Got a jewelled ring mail
 58187 | Abyss:1  | Paralysed by accursed screaming for 1 turns
 58276 | Abyss:1  | Received a gift from Okawaru
 58725 | Shoals:5 | Escaped the Abyss
 58757 | Shoals:5 | Noticed Ilsuiw
 58757 | Shoals:5 | Got a crude large shield
 58786 | Shoals:5 | Killed Ilsuiw
 59023 | Shoals:5 | Got a barnacled rune of Zot
 59082 | Shoals:5 | Identified the +2 large shield of Nemelex Xobeh's Anger {Str-3 Dex+3} (You found it on level 5 of the Shoals)
 59298 | Shoals:5 | Noticed ark's ghost (mighty TrEE)
 59324 | Shoals:5 | Killed ark's ghost
 60023 | Shoals:3 | Paralysed by Norris for 4 turns
 60042 | Shoals:3 | Killed Norris
 60042 | Shoals:3 | Received a gift from Okawaru
 60042 | Shoals:3 | Reached skill level 22 in Shields
 60227 | Lair:2   | Identified the cursed +0 ring mail "Brupren" {+Blink rC++} (You found it on level 1 of the Abyss)
 61466 | D:23     | Found a one-way gate to the infinite horrors of the Abyss.
 62257 | D:24     | Noticed Mara
 62274 | D:24     | Killed Mara
 62669 | D:24     | Reached XP level 22. HP: 189/189 MP: 27/27
 62728 | D:25     | Entered Level 25 of the Dungeon
 63362 | D:25     | Noticed Mennas
 63401 | D:25     | Killed Mennas
 63605 | D:25     | Paralysed by an orc sorcerer for 6 turns
 63731 | D:25     | Received a gift from Okawaru
 65334 | D:12     | Fell from the grace of Okawaru
 78025 | Lair:2   | Got a steaming large shield
 78041 | Lair:2   | Identified the +6 large shield of Cifa {Dex-1 Acc+4} (You acquired it on level 2 of the Lair of Beasts)
 78273 | Temple   | Became a worshipper of the Shining One
 78808 | Crypt:1  | Entered Level 1 of the Crypt
 79142 | Crypt:1  | Acquired the Shining One's first power
 79348 | Crypt:1  | Reached skill level 23 in Shields
 79435 | Crypt:1  | Acquired the Shining One's second power
 79661 | Crypt:2  | Found a staircase to the Tomb.
 79954 | Crypt:2  | Reached XP level 23. HP: 200/200 MP: 27/27
 80323 | Crypt:2  | Noticed Margery
 80385 | Crypt:2  | Killed Margery
 80626 | Crypt:3  | Acquired the Shining One's third power
 81593 | Crypt:4  | Acquired the Shining One's fourth power
 82303 | Crypt:5  | Entered Level 5 of the Crypt
 82612 | Crypt:5  | Noticed Sojobo
 83197 | Crypt:5  | Noticed a greater mummy
 83214 | Crypt:5  | Noticed Khufu
 83274 | Crypt:5  | Killed a greater mummy
 83274 | Crypt:5  | Reached skill level 10 in Invocations
 83312 | Crypt:5  | Killed Khufu
 83379 | Crypt:5  | Found an ancient bone altar of Kikubaaqudgha.
 83380 | Crypt:5  | Noticed an ancient lich
 83392 | Crypt:5  | Killed an ancient lich
 83522 | Crypt:5  | Reached skill level 24 in Fighting
 83568 | Crypt:5  | Noticed an ancient lich
 83577 | Crypt:5  | Killed an ancient lich
 83577 | Crypt:5  | Reached XP level 24. HP: 214/214 MP: 31/31
 84099 | Crypt:5  | Paralysed by a sphinx for 2 turns
 84289 | Crypt:5  | Identified the Disquisition on the Rocks
 84408 | Crypt:5  | Killed Sojobo
 84443 | Crypt:5  | Got a pitted iron ring
 84741 | Crypt:5  | Identified the ring "Ruphais" {Wiz rF- Str+4} (You took it off Sojobo on level 5 of the Crypt)
 86017 | D:26     | Got a fine scale mail
 86046 | D:26     | Paralysed by an orc sorcerer for 7 turns
 86717 | Lair:2   | Identified the +5 scale mail "Cahuc" {rC+ Dex+3} (You found it on level 26 of the Dungeon)
 86962 | Temple   | Identified a +7,+6 Blessed Blade (a +5,+5 double sword of flaming blessed by the Shining One)
 86963 | Temple   | Upgraded the game from 0.14-a0-504-gf2529f3 to 0.14-a0-519-g334afa2
 87643 | Vaults:5 | Entered Level 5 of the Vaults
 88582 | Vaults:5 | Reached skill level 25 in Fighting
 88767 | Vaults:5 | Reached XP level 25. HP: 225/225 MP: 34/34
 89199 | Vaults:5 | Got a silver rune of Zot
 89380 | Vaults:5 | Got a polished scale mail
 89434 | Vaults:5 | Got a faintly glowing scale mail
 89460 | Vaults:5 | Identified the cursed +0 scale mail "Kuhiumm" {rN+ Stlth--} (You found it on level 5 of the Vaults)
 89486 | Vaults:5 | Identified the +6 scale mail of Badaw {Stlth-} (You found it on level 5 of the Vaults)
 89614 | Vaults:5 | Got a glittering iron ring
 89642 | Vaults:5 | Identified the Grimoire of Assistive Blows and Bruises
 89754 | Vaults:5 | Got a crystal quick blade
 89761 | Vaults:5 | Identified the cursed +0,-2 quick blade "Guseuk" {flame, Str+2} (You found it on level 5 of the Vaults)
 89761 | Vaults:5 | Identified the cursed +0,-2 quick blade "Guseuk" {flame, Str+2} (You found it on level 5 of the Vaults)
 90419 | Lair:2   | Identified the ring of Psacs {+/*Tele +Rage +Inv} (You found it on level 5 of the Vaults)
 90762 | Hell     | Entered the Vestibule of Hell
 90762 | Hell     | Noticed Geryon
 90780 | Hell     | Killed Geryon
 90888 | Hell     | Noticed Murray
 90908 | Hell     | Killed Murray
 90920 | Hell     | Found a gateway to the decaying netherworld of Tartarus.
 91034 | Hell     | Found a gateway to the freezing wastes of Cocytus.
 91095 | Hell     | Found a gateway to the ashen valley of Gehenna.
 91247 | Hell     | Found a gateway to the Iron City of Dis.
 91267 | Hell     | Was forgiven by Okawaru
 93117 | D:22     | Identified the Grimoire of Necromancy and Combat Magic
 93345 | D:26     | Identified a +2 elven cloak of preservation (You found it on level 26 of the Dungeon)
 93661 | D:26     | Identified the Papyrus of Dark Rites
 93876 | D:27     | Entered Level 27 of the Dungeon
 94408 | D:27     | Reached skill level 26 in Fighting
 94620 | D:27     | Got a pitted buckler
 94828 | D:27     | Reached XP level 26. HP: 237/237 MP: 35/35
 94980 | D:27     | Identified the +0 buckler "Onnuged" {rElec rPois} (You found it on level 27 of the Dungeon)
 95032 | D:27     | Noticed Boris
 95042 | D:27     | Killed Boris
 95093 | D:27     | Found an iron altar of Okawaru.
 95411 | Zot:1    | Entered Level 1 of the Realm of Zot
 96937 | Zot:2    | Reached skill level 27 in Fighting
 97715 | Zot:3    | Got a flickering tin ring
 97718 | Zot:3    | Identified the ring "Jarhideo" {MP+9 Str-1 Dex+3 Int+4} (You found it on level 3 of the Realm of Zot)
 98247 | Zot:3    | Reached XP level 27. HP: 173/249 MP: 36/36
 99281 | Zot:5    | Entered Level 5 of the Realm of Zot
 99675 | Zot:5    | Noticed an ancient lich
 99690 | Zot:5    | Killed an ancient lich
 99690 | Zot:5    | Reached skill level 15 in Invocations
 99774 | Zot:5    | Noticed an ancient lich
 99790 | Zot:5    | Killed an ancient lich
 99825 | Zot:5    | Noticed an ancient lich
 99829 | Zot:5    | Killed an ancient lich
 99843 | Zot:5    | Noticed an orb of fire
 99881 | Zot:5    | Killed an orb of fire
 99956 | Zot:5    | Reached skill level 27 in Shields
100014 | Zot:5    | Noticed an orb of fire
100031 | Zot:5    | Killed an orb of fire
100119 | Zot:5    | Noticed an orb of fire
100144 | Zot:5    | Killed an orb of fire
100152 | Zot:5    | Noticed an orb of fire
100153 | Zot:5    | Noticed an ancient lich
100406 | Zot:5    | Killed an orb of fire
100415 | Zot:5    | Killed an ancient lich
100632 | Zot:5    | Noticed Tiamat
100677 | Zot:5    | Killed Tiamat
100743 | Zot:5    | Noticed an orb of fire
100753 | Zot:5    | Noticed an orb of fire
100768 | Zot:5    | Killed an orb of fire
100780 | Zot:5    | Killed an orb of fire
100981 | Zot:5    | Noticed an orb of fire
100999 | Zot:5    | Killed an orb of fire
101557 | Zot:5    | Noticed an orb of fire
101557 | Zot:5    | Gained mutation: Armour fits poorly on your strangely shaped body. [an orb of fire]
101572 | Zot:5    | Killed an orb of fire
102579 | D:11     | Noticed a hill giant
102585 | D:11     | Killed a hill giant
102707 | D:7      | Bought an uncursed amulet of stasis for 227 gold pieces
102707 | D:7      | Bought an uncursed ring of protection from fire for 325 gold pieces
103132 | Geh:1    | Entered Level 1 of Gehenna
103158 | Geh:1    | Reached skill level 1 in Evocations
104206 | Geh:7    | Entered Level 7 of Gehenna
104236 | Geh:7    | Reached skill level 5 in Evocations
104543 | Geh:7    | Identified the Compendium of Fate
104924 | Geh:7    | Noticed Asmodeus
104953 | Geh:7    | Killed Asmodeus
104953 | Geh:7    | Reached skill level 10 in Evocations
104971 | Geh:7    | Got an obsidian rune of Zot
104995 | Geh:7    | Got a jewelled bow
105137 | Geh:7    | Identified the Incunabulum of Enchantment
105213 | Geh:7    | Noticed an ancient lich
105220 | Geh:7    | Killed an ancient lich
105232 | Geh:7    | Got a pair of shimmering gloves
105242 | Geh:7    | Identified the cursed +2 pair of gloves "Ronakab" {Str-3 Acc+4} (You found it on level 7 of Gehenna)
105491 | Hell     | Identified the +8,+3 bow of Dried Tears {flame, rN+} (You found it on level 7 of Gehenna)
105491 | Hell     | Identified the +8,+3 bow of Dried Tears {flame, rN+} (You found it on level 7 of Gehenna)
105492 | Hell     | Identified a +4 rod of frigid destruction (11/11) (You took it off a yellow draconian on level 1 of the Realm of Zot)
105521 | Dis:1    | Entered Level 1 of the Iron City of Dis
106026 | Dis:7    | Entered Level 7 of the Iron City of Dis
106735 | Dis:7    | Reached skill level 27 in Armour
107530 | Dis:7    | Noticed 4tharraofdagon's ghost (great MiBe)
107558 | Dis:7    | Killed 4tharraofdagon's ghost
108060 | Dis:7    | Noticed Dispater
108075 | Dis:7    | Killed Dispater
108077 | Dis:7    | Got a twitching brass ring
108082 | Dis:7    | Got an iron rune of Zot
108313 | Hell     | dck: hey can I see your defenses?
108313 | Hell     | dck: oh yeah, good to go
108313 | Hell     | rdx: huh?
108313 | Hell     | rdx: i got deformed body too
108313 | Hell     | dck: eh, doesn't matter
108313 | Hell     | dck: your AC is still great
108313 | Hell     | dck: % screen a sec?
108313 | Hell     | dck: haha dang
108313 | Hell     | dck: even boots of fast
108313 | Hell     | rdx: oka
108313 | Hell     | dck: don't worry, you'll be fine
108313 | Hell     | dck: hm
108313 | Hell     | dck: can I see your rings?
108313 | Hell     | Sar: do you have better rings?
108313 | Hell     | Sar: protip: press P
108313 | Hell     | rdx: got some toher lying around
108313 | Hell     | Sar: oooh, new amulet
108313 | Hell     | dck: that's cool
108315 | Hell     | dck: I'd wear regen over sustab btw
108315 | Hell     | Identified the ring of Incredulity {+cTele Str-3 Dex+2} (You took it off Dispater on level 7 of the Iron City of Dis)
108317 | Hell     | dck: but yeah you're good to go
108317 | Hell     | dck: good luck!
108367 | Coc:1    | Entered Level 1 of Cocytus
110601 | Coc:7    | Entered Level 7 of Cocytus
110650 | Coc:7    | Reached skill level 15 in Evocations
111245 | Coc:7    | Got a faintly glowing bone ring
111437 | Coc:7    | Noticed the Serpent of Hell
111446 | Coc:7    | Killed the Serpent of Hell
111482 | Coc:7    | rdx: this looks really bad
111483 | Coc:7    | Sar: what
111483 | Coc:7    | Sar: looks really bad
111496 | Coc:7    | Sar: summon more angels
111497 | Coc:7    | Sar: well before fight I guess
111497 | Coc:7    | Sar: sorry for interrupting
111497 | Coc:7    | rdx: why do i feel this is a trap and something will push me intot he water?
111497 | Coc:7    | rdx: this 'bridge' looks bad
111499 | Coc:7    | Sar: it's not NetHack
111499 | Coc:7    | Sar: monsters can't trample you into water or lava
111499 | Coc:7    | Sar: well unless you're flying
111499 | Coc:7    | rdx: nuless im flying
111499 | Coc:7    | rdx: i think
111499 | Coc:7    | Sar: so watch out if your flight expires!
111500 | Coc:7    | rdx: plz dont summon bazilon ice beast to block whole land...
111507 | Coc:7    | rdx: i forgot to take 2nd rc ring...
111507 | Coc:7    | rdx: or i didnt even have 2nd one
111507 | Coc:7    | Sar: you don't need rC+++
111507 | Coc:7    | rdx: this is very small place to juke around
111526 | Coc:7    | rdx: i knew it
111547 | Coc:7    | Noticed Antaeus
111559 | Coc:7    | rdx: shit this is bad
111559 | Coc:7    | Sar: this is pretty bad btw
111559 | Coc:7    | Sar: you know what's bad?
111559 | Coc:7    | Sar: you are not hasted
111559 | Coc:7    | Sar: this is really bad
111559 | Coc:7    | rdx: i noticed
111559 | Coc:7    | rdx: and he hit me twice in a row
111559 | Coc:7    | dck: woah
111559 | Coc:7    | dck: what the fuck
111559 | Coc:7    | Sar: Anta has double-attack
111559 | Coc:7    | Sar: he hits twice per turn
111559 | Coc:7    | Sar: isn't he a cool fella?
111559 | Coc:7    | rdx: i mean two turns
111559 | Coc:7    | dck: hm
111559 | Coc:7    | dck: where's your haste?
111559 | Coc:7    | rdx: i know
111559 | Coc:7    | dck: no I mean
111559 | Coc:7    | dck: you hasted beforehand right?
111559 | Coc:7    | rdx: before flying over then didnt noticed it wore off
111559 | Coc:7    | dck: can you hit ctrl+p a minute?
111559 | Coc:7    | dck: huh
111559 | Coc:7    | dck: potions?
111559 | Coc:7    | dck: right
111559 | Coc:7    | Sar: would stepping behind daeva be a good thing now?
111559 | Coc:7    | dck: you should've cured the starot and used mightagi before starting the fight
111559 | Coc:7    | dck: do you have flight?
111559 | Coc:7    | Sar: southeast?
111559 | Coc:7    | dck: I mean, as a spell?
111559 | Coc:7    | dck: yeah
111559 | Coc:7    | rdx: from ring
111559 | Coc:7    | Sar: >GDA
111559 | Coc:7    | Sar: >5 int
111559 | Coc:7    | dck: if he can fly he can make it out
111559 | Coc:7    | dck: well it's a level 3 spell
111559 | Coc:7    | dck: hm
111559 | Coc:7    | dck: scrolls?
111559 | Coc:7    | Sar: holy word
111559 | Coc:7    | Sar: everyting is safe
111559 | Coc:7    | Sar: bah
111559 | Coc:7    | Sar: how boring
111559 | Coc:7    | rdx: lol
111559 | Coc:7    | Sar: this is very dull
111559 | Coc:7    | rdx: what?
111559 | Coc:7    | dck: okay
111559 | Coc:7    | Sar: holy word stuns all demons for two turns
111559 | Coc:7    | dck: I'd step next to the daeva, read HW, haste the daeva, summon another one
111559 | Coc:7    | Sar: enough for you to haste, fly and fuck off
111559 | Coc:7    | dck: how much haste do you have?
111559 | Coc:7    | Sar: or do what dicks says
111559 | Coc:7    | rdx: and pots
111559 | Coc:7    | dck: he can't really just fly off without wasting time
111559 | Coc:7    | dck: you're rElec right?
111559 | Coc:7    | rdx: no
111559 | Coc:7    | dck: shit
111559 | Coc:7    | rdx: i mean i drak resist pot
111559 | Coc:7    | rdx: drank
111559 | Coc:7    | dck: ah okay
111559 | Coc:7    | dck: is that all the recharge left btw?
111559 | Coc:7    | dck: left in the dungeon I mean
111559 | Coc:7    | rdx: nah i got more too
111559 | Coc:7    | dck: dang
111559 | Coc:7    | dck: should be carrying a couple more mang
111559 | Coc:7    | Sar: just type rech
111559 | Coc:7    | dck: nothing destroys them here
111559 | Coc:7    | dck: so yeah
111559 | Coc:7    | dck: I'd also haste whatever daevas get summoned
111559 | Coc:7    | dck: well and angels
111559 | Coc:7    | dck: probably don't wanna come adjacent to him again
111559 | Coc:7    | rdx: ok gonna try moving behind that deva
111559 | Coc:7    | dck: I mean, you could heal up and help the summons but you don't seem to have a lot
111559 | Coc:7    | dck: of HW left it seems
111559 | Coc:7    | dck: so best not waste it
111560 | Coc:7    | Sar: very good
111560 | Coc:7    | dck: now proceed with the plan
111560 | Coc:7    | rdx: haste self?
111560 | Coc:7    | dck: what no
111560 | Coc:7    | dck: haste the daeva
111560 | Coc:7    | Sar: holy word
111560 | Coc:7    | dck: right
111560 | Coc:7    | dck: I should remember the plan myself
111561 | Coc:7    | Artagel: :D
111561 | Coc:7    | Artagel: strategical plays reporting in?
111562 | Coc:7    | dck: step back another daeva
111564 | Coc:7    | Sar: I would maybe haste myself now
111564 | Coc:7    | dck: yep
111564 | Coc:7    | dck: then the daeva
111564 | Coc:7    | dck: or move away from anta if he walks up to you
111564 | Coc:7    | rdx: pot of speed maybe?
111564 | Coc:7    | rdx: or wand?
111564 | Coc:7    | Sar: pot
111564 | Coc:7    | dck: yeah
111564 | Coc:7    | Sar: they're more prone to destruct
111565 | Coc:7    | Sar: yeah, step away
111566 | Coc:7    | Sar: haha, 0 damage BoC
111566 | Coc:7    | Sar: I wonder if that's a slicing sword
111566 | Coc:7    | rdx: freezing
111567 | Coc:7    | dck: ta fly into the water
111567 | Coc:7    | Sar: Anta's attacks are cold-branded by default
111567 | Coc:7    | dck: so you can haste the other daeva
111567 | Coc:7    | rdx: im not sure how long till fly pot expires
111567 | Coc:7    | Sar: that's why it says he freezes you
111567 | Coc:7    | dck: you've got another pot
111567 | Coc:7    | Sar: it will prompt you
111567 | Coc:7    | dck: yeah it's probably slicing
111567 | Coc:7    | Sar: and yeah
111567 | Coc:7    | Sar: daeva stop killing ice beasts
111567 | Coc:7    | Sar: hit Anta!
111567 | Coc:7    | dck: fr: antaeus gets dispelling bolts instead of BoC
111567 | Coc:7    | Sar: fun fact: this is not the worst antavault
111567 | Coc:7    | dck: it's by far the easiest
111567 | Coc:7    | Sar: hahahahahaha oh my that would be perfect
111567 | Coc:7    | Artagel: but at least dck had a decent run here
111567 | Coc:7    | Sar: yeah
111568 | Coc:7    | Artagel: micromanaging that
111568 | Coc:7    | dck: probably unnecesary to haste the angel
111568 | Coc:7    | Artagel: HUNGER
111568 | Coc:7    | dck: ta and get away
111568 | Coc:7    | dck: oh yeah
111568 | Coc:7    | dck: that was a game to
111568 | Coc:7    | dck: BEWARE
111568 | Coc:7    | rdx: well ot many options now
111568 | Coc:7    | Sar: apart from winning?
111569 | Coc:7    | dck: naw
111569 | Coc:7    | dck: dude naw
111569 | Coc:7    | dck: he's gonna beat those daevas up if you don't haste the other one
111569 | Coc:7    | dck: he deals a fuckton of damage
111569 | Coc:7    | Sar: huh, you sure?
111569 | Coc:7    | dck: and they're not rC
111569 | Coc:7    | rdx: didnt i haste it? oh shit it was angel
111569 | Coc:7    | dck: can probably kill them in one hit
111569 | Coc:7    | Sar: hm, I'm not that good at determining creature powerlevels
111569 | Coc:7    | dck: definitely in two
111570 | Coc:7    | dck: haste isn's smite targeted dude
111570 | Coc:7    | rdx: hmm
111570 | Coc:7    | rdx: yeah no can do
111570 | Coc:7    | dck: it's a beam
111570 | Coc:7    | Sar: you can also stand behind angel and blast cleansing flame
111570 | Coc:7    | Sar: I suppose
111570 | Coc:7    | rdx: no mp
111570 | Coc:7    | Sar: oh right
111570 | Coc:7    | rdx: yeah im stupid
111570 | Coc:7    | Sar: probably a bad idea anyway
111570 | Coc:7    | rdx: i didnt cary pots of magic
111570 | Coc:7    | dck: so
111570 | Coc:7    | dck: any reason in particular for being opposed to the
111570 | Coc:7    | Sar: you can summon more dudes?
111570 | Coc:7    | dck: fly into water
111570 | Coc:7    | dck: haste daeva plan?
111570 | Coc:7    | rdx: nah but why fly into the water? like go back and leave
111570 | Coc:7    | rdx: oh
111570 | Coc:7    | dck: standing right next to a zot trap in hell is a bad idea
111570 | Coc:7    | Sar: because you need that rune rdx
111570 | Coc:7    | Sar: hah, right
111570 | Coc:7    | Sar: damn hell effects
111570 | Coc:7    | rdx: no dmg.. sure
111571 | Coc:7    | dck: until the freezing kicks in
111571 | Coc:7    | dck: and then they explode
111571 | Coc:7    | dck: no
111571 | Coc:7    | dck: man
111571 | Coc:7    | dck: you need LoS
111571 | Coc:7    | dck: another step north
111572 | Coc:7    | dck: hm
111572 | Coc:7    | rdx: so whats the ? on him is he confused or what?
111572 | Coc:7    | dck: the angels are still full hp
111572 | Coc:7    | dck: he's distracted
111572 | Coc:7    | Artagel: distractstab reporting in
111572 | Coc:7    | Sar: you can stab him!
111572 | Coc:7    | dck: you might not need to haste the daeva fter all
111572 | Coc:7    | dck: still
111572 | Coc:7    | dck: angels die easily
111572 | Coc:7    | dck: regardless not much danger now
111572 | Coc:7    | rdx: but angles seem to have more ev
111572 | Coc:7    | dck: they also have less HP
111572 | Coc:7    | dck: hp is good at not dying to antamelee
111572 | Coc:7    | Sar: if you look at anta tile he looks like he has a huge goofy smile
111572 | Coc:7    | Sar: damn
111572 | Coc:7    | dck: haha
111572 | Coc:7    | rdx: dont wanna drop into the water;P
111572 | Coc:7    | Sar: drop what?
111572 | Coc:7    | rdx: ill recharge haste wand now i think
111572 | Coc:7    | dck: flight doesn't end instantly dude
111572 | Coc:7    | dck: you get a warning
111572 | Coc:7    | dck: worst case scenario it gives you time to tele
111572 | Coc:7    | dck: if you do it right away
111572 | Coc:7    | rdx: i know i was just checking smgs if it didnt say...
111572 | Coc:7    | dck: regardless you still have a flight pot
111572 | Coc:7    | dck: you're good
111572 | Coc:7    | Sar: it also changes color in status bar
111573 | Coc:7    | dck: yep
111573 | Coc:7    | dck: that's a big fucking slicing sword alright
111573 | Coc:7    | dck: haste the daeva
111573 | Coc:7    | rdx: that will work right?
111573 | Coc:7    | dck: yep
111574 | Coc:7    | rdx: sigh he has 700 hps
111574 | Coc:7    | Sar: fr: anta spawns in vault with !speed and !might
111574 | Coc:7    | dck: go jiyva
111574 | Coc:7    | dck: gg
111574 | Coc:7    | dck: sigh
111574 | Coc:7    | dck: took too long to haste them
111574 | Coc:7    | rdx: im clsoe to leaving now...
111575 | Coc:7    | dck: gonna need more angels
111575 | Coc:7    | dck: hm
111575 | Coc:7    | Sar: SUMMON MORE ZIGGURATS khm ANGELS
111575 | Coc:7    | dck: wands?
111575 | Coc:7    | dck: it'd be good to have fire
111575 | Coc:7    | rdx: wands of fire lyign around lair i think
111575 | Coc:7    | rdx: im gonna start moving back
111575 | Coc:7    | rdx: either he dies or i leave
111575 | Coc:7    | rdx: or i die;P
111576 | Coc:7    | Artagel: hm
111577 | Coc:7    | Sar: why not summon more dudes?
111577 | Coc:7    | dck: that's a pretty bad move
111577 | Coc:7    | rdx: no mp
111577 | Coc:7    | Sar: I'm so dumb sometimes.
111577 | Coc:7    | dck: how much HW left?
111577 | Coc:7    | rdx: 0
111577 | Coc:7    | dck: zero heal wounds?
111577 | Coc:7    | dck: what
111577 | Coc:7    | dck: is that all that's left?
111577 | Coc:7    | dck: that's depressing
111577 | Coc:7    | dck: hm
111577 | Coc:7    | dck: inventory?
111577 | Coc:7    | rdx: yeah not my fault rng
111577 | Coc:7    | dck: whoops
111577 | Coc:7    | Artagel: carrying that sweet sustenance
111577 | Coc:7    | Artagel: to micromanage hunger during travel
111577 | Coc:7    | dck: anyway
111577 | Coc:7    | dck: I can't tell you to scum him in melee
111577 | Coc:7    | Sar: skip a turn?
111577 | Coc:7    | dck: I would feninitely scum him in melee however
111577 | Coc:7    | dck: *de
111577 | Coc:7    | dck: *definitely
111577 | Coc:7    | dck: wtf
111577 | Coc:7    | dck: also can't you use cleansing?
111577 | Coc:7    | Sar: or just move away
111577 | Coc:7    | Sar: no MP for that, it's like 7 MP IIRC
111577 | Coc:7    | rdx: i think one heal will save me fromgeting one hit killed
111577 | Coc:7    | dck: jesus
111577 | Coc:7    | Sar: 5?
111577 | Coc:7    | dck: 5
111577 | Coc:7    | rdx: 7
111577 | Coc:7    | rdx: 5
111577 | Coc:7    | rdx: no idea how much dmg that could do
111577 | Coc:7    | Sar: maybe you'll get that one MP
111577 | Coc:7    | Sar: he's surrounded by two hasted HWdudes
111577 | Coc:7    | Sar: hm
111577 | Coc:7    | dck: wait
111577 | Coc:7    | dck: gsword of slicing
111577 | Coc:7    | dck: no I would not scum him in melee
111577 | Coc:7    | Sar: why
111577 | Coc:7    | dck: because it's a bit dangerous if I fuck up
111577 | Coc:7    | rdx: its over my current hp for sure
111577 | Coc:7    | Sar: oh
111577 | Coc:7    | Sar: thought idea was to never get hit, yeah
111577 | Coc:7    | dck: and the angels will still live a bit longer
111577 | Coc:7    | dck: yeah of course
111577 | Coc:7    | dck: hm
111577 | Coc:7    | dck: I would if I could curare him
111577 | Coc:7    | dck: but right now with a doublesword
111577 | Coc:7    | rdx: if he hits me twice its like 1/2 of my total hp i think
111577 | Coc:7    | dck: it's a bit risky
111577 | Coc:7    | dck: enough of that
111577 | Coc:7    | dck: swing at nothing a couple of times
111577 | Coc:7    | rdx: im wsting your time;P
111577 | Coc:7    | dck: when you get the 1 mp blast him
111577 | Coc:7    | dck: if things go horribly and all angels die you can still go away
111577 | Coc:7    | rdx: whast was the key to hit air?
111577 | Coc:7    | dck: ctrl+direction
111579 | Coc:7    | rdx: 5 mp
111579 | Coc:7    | dck: the only thing that can kill you is a hell effect
111580 | Coc:7    | dck: since you can just go away from anta
111581 | Coc:7    | dck: mind you there haven't been hell effects for a while
111581 | Coc:7    | rdx: well was close
111581 | Coc:7    | rdx: on both ends
111581 | Coc:7    | dck: hm
111581 | Coc:7    | Sar: is he like blind or what
111581 | Coc:7    | rdx: i think he has more hps than more now
111581 | Coc:7    | dck: more than now
111581 | Coc:7    | Sar: there's a huge shining dude flying around
111581 | Coc:7    | dck: what?
111581 | Coc:7    | rdx: than me
111581 | Coc:7    | dck: hm
111581 | Coc:7    | dck: I'd move diagonally to the IB and cflame just in case it kill him
111581 | Coc:7    | dck: it's using up 1.4 turns more on the hell effect timer
111581 | Coc:7    | Sar: yeah
111581 | Coc:7    | dck: and it'd save a lot of effort if it works
111581 | Coc:7    | rdx: cant he like move towards me while i move?
111581 | Coc:7    | dck: and if it doesn't just fuck off back home
111581 | Coc:7    | Sar: you mean northwest?
111581 | Coc:7    | dck: he can and will
111581 | Coc:7    | dck: but he won't get to melee
111581 | Coc:7    | dck: and yeah I mean nw
111581 | Coc:7    | rdx: you mean is houdl move to the upper left right?
111581 | Coc:7    | Sar: yup
111582 | Coc:7    | dck: that's good
111582 | Coc:7    | dck: BANG
111582 | Coc:7    | Sar: blast it
111582 | Coc:7    | dck: eh okay
111582 | Coc:7    | Vidiiot: Ohg.
111582 | Coc:7    | dck: I am sorry.
111582 | Coc:7    | Sar: ok I should've def knew that
111582 | Coc:7    | rdx: ahahaha
111582 | Coc:7    | rdx: me too
111583 | Coc:7    | dck: thought it had 3 range since I almost never use it
111583 | Coc:7    | dck: well
111583 | Coc:7    | dck: this was a fun fight
111583 | Coc:7    | Sar: roar
111583 | Coc:7    | dck: get the fuck out
111583 | Coc:7    | Sar: this is bad
111583 | Coc:7    | Sar: get out
111583 | Coc:7    | dck: annying ain't it
111583 | Coc:7    | dck: very
111583 | Coc:7    | rdx: dont towrry it didnt kill ice beast it was like 30 dmg or less
111583 | Coc:7    | Sar: well IBs aren't vuln to holy
111583 | Coc:7    | dck: he is vulnerable to holy though
111583 | Coc:7    | rdx: oh right
111583 | Coc:7    | dck: and he really is almost dead
111583 | Coc:7    | dck: but
111583 | Coc:7    | dck: well
111583 | Coc:7    | dck: back home
111583 | Coc:7    | dck: get moving because a fiend is on its way
111583 | Coc:7    | rdx: can i pas there?
111583 | Coc:7    | dck: nope
111583 | Coc:7    | Sar: no I wouldn't go there
111583 | Coc:7    | dck: don't do that
111584 | Coc:7    | dck: just back off
111590 | Coc:7    | Vidiiot: Phew
111590 | Coc:7    | Vidiiot: No fiend
111591 | Coc:7    | dck: we're good
111592 | Coc:7    | dck: now move
111594 | Coc:7    | Tolias: no lamps?
111599 | Coc:7    | dck: nope
111601 | Coc:7    | dck: it's a shame but
111604 | Coc:7    | Sar: you can get some HP by killing that popcorn!!!
111604 | Coc:7    | dck: !
111604 | Coc:7    | Sar: (not a serious suggestion)
111611 | Coc:7    | dck: his rElec is about to go away
111611 | Coc:7    | Tolias: yes and depending on your invo he's 2-3 blasts of cleanse away from death
111611 | Coc:7    | dck: oh yeah he's really about to die
111611 | Coc:7    | dck: you're wearing preservation over starlight?
111611 | Coc:7    | rdx: preserv
111611 | Coc:7    | dck: yeah but
111611 | Coc:7    | dck: starlight is way better
111611 | Coc:7    | dck: since it actually does things to keep you alive
111611 | Coc:7    | Sar: his only healing is pots
111611 | Coc:7    | dck: no cons amulet?
111611 | Coc:7    | dck: he's wearing rMut in coc
111611 | Coc:7    | Sar: oh right
111611 | Coc:7    | Sar: sure
111611 | Coc:7    | rdx: shh i told you im a crawl noob
111611 | Coc:7    | rdx: ;P
111624 | Coc:7    | dck: not even real monsters
111625 | Coc:7    | Sar: hoe nivr
111625 | Coc:7    | dck: god damn
111633 | Coc:7    | dck: oh
111633 | Coc:7    | dck: no res pots
111633 | Coc:7    | rdx: hes gonna chase me whole lvl right?
111633 | Coc:7    | dck: that's pretty bad
111633 | Coc:7    | Artagel: so I fetched some food
111633 | Coc:7    | Sar: no he won't
111633 | Coc:7    | dck: I don't think so
111633 | Coc:7    | dck: he's guarding the rune
111633 | Coc:7    | Artagel: and we're... running from anta now or?
111633 | Coc:7    | Sar: he went back already
111633 | Coc:7    | rdx: so id dont need to haste right now
111633 | Coc:7    | dck: what's what he gets paid for
111633 | Coc:7    | Sar: yep
111634 | Coc:7    | dck: well
111634 | Coc:7    | dck: you have 77 hps in coc
111634 | Coc:7    | Sar: paid in greatswords?
111634 | Coc:7    | dck: slicy gswords
111656 | Coc:7    | Sar: you know if Crawl had squarelos
111660 | Coc:7    | Sar: anta would be dead now
111663 | Coc:7    | dck: hm
111663 | Coc:7    | dck: true
111667 | Coc:7    | rdx: if only i would bring them wands "fuck that im too strong now who needs wands"
111667 | Coc:7    | rdx: ...
111672 | Coc:7    | dck: wands are nice
111679 | Coc:7    | dck: although hasting before fighting anta is nice too
111681 | Coc:7    | dck: as is agilmight
111688 | Coc:7    | dck: regardless
111691 | Coc:7    | dck: do you have a cons amulet?
111691 | Coc:7    | rdx: yes
111693 | Coc:7    | dck: yeah so I'd wear that over rMut
111693 | Coc:7    | dck: and get starlight
111694 | Coc:7    | rdx: wait why am i drained?
111697 | Coc:7    | dck: not full piety
111697 | Coc:7    | dck: only rN++
111697 | Coc:7    | dck: huh
111697 | Coc:7    | rdx: hell effect?
111697 | Coc:7    | dck: that's weird
111697 | Coc:7    | dck: yeah it was
111697 | Coc:7    | dck: oh
111697 | Coc:7    | dck: you had lower piety when it hit you
111697 | Coc:7    | Sar: lol
111698 | Coc:7    | dck: your halo was smaller
111699 | Coc:7    | dck: that's bad
111699 | Coc:7    | dck: go away
111699 | Coc:7    | rdx: i know
111701 | Coc:7    | Sar: remember that proposal of Hells draining the shit out of your skills?
111707 | Coc:7    | dck: haha
111708 | Coc:7    | dck: I do
111716 | Coc:7    | dck: also no potions in coc
111729 | Coc:7    | dck: because thematicall appropriate
111735 | Coc:7    | Artagel: I still think it's kinda bad to just force people to speedrun like fuck
111737 | Coc:7    | Artagel: because of how tedious the effects are
111746 | Coc:7    | Artagel: and of course "hi ice fiend in melee range"
111761 | Hell     | dck: 5
111777 | Hell     | dck: "Die mortal!"
111790 | Hell     | dck: Your body is wracked in pain!
111790 | Hell     | dck: 5
111790 | Hell     | Artagel: you got tiamat too eh? :o
111790 | Hell     | Sar: no cons
111790 | Hell     | dck: hah
111790 | Hell     | dck: hm
111790 | Hell     | dck: kill eresh
111790 | Hell     | dck: loot here vaults
111790 | Hell     | dck: for cons
111790 | Hell     | dck: good plan
111790 | Hell     | rdx: yeah im just not thinking too well right now ;p;
111790 | Hell     | dck: nothing breaks items in tartarus anyway
111790 | Hell     | dck: do wear the starlight, your ev sucks
111790 | Hell     | rdx: i might skip that hell for now
111790 | Hell     | dck: as you wish
111790 | Hell     | WOAT: which ones have you done?
111790 | Hell     | rdx: im not sure if i should continue tonight
111790 | Hell     | WOAT: ok
111790 | Hell     | rdx: tar tomb slime and coc left
111790 | Hell     | WOAT: oh, tar isn't bad
111790 | Hell     | dck: Coc:7 exclusion: 2 ice statues, Antaeus
111790 | Hell     | WOAT: aw, that end sucks
111790 | Hell     | Sar: coc is easy
111790 | Hell     | WOAT: whats your rC situation..
111790 | Hell     | Sar: wait slime is easy
111790 | Hell     | dck: he's rC++
111790 | Hell     | Sar: coc is coc
111790 | Hell     | WOAT: eh
111790 | Hell     | rdx: rc++ at best
111790 | Hell     | dck: rC++ is a lot
111790 | Hell     | WOAT: cant you just summon up like 5 daevas
111790 | Hell     | WOAT: or did that not work the first time
111790 | Hell     | dck: he forgot to buff up
111790 | Hell     | WOAT: ;_;
111790 | Hell     | rdx: it didnt work coz im a moron
111790 | Hell     | dck: anta had a gsword of slicing
111790 | Hell     | dck: shit happens
111790 | Hell     | Artagel: the rule of crawl
111790 | Hell     | dck: regardless
111790 | Hell     | dck: there's options
111790 | Hell     | WOAT: well
111790 | Hell     | Artagel: one does not simply buff up full
111790 | Hell     | WOAT: tar isnt bad
111790 | Hell     | Artagel: before a hard fight
111790 | Hell     | WOAT: just make sure you summon up your angels
111790 | Hell     | rdx: i didnt bring few things that wouild have made it easy also i didnt knwo what shit was waiting on that island
111790 | Hell     | WOAT: before you encounter eresh
111790 | Hell     | dck: hm
111790 | Hell     | dck: can you hit @ a sec?
111790 | Hell     | WOAT: because she silences
111790 | Hell     | Sar: quite
111790 | Hell     | dck: quite paralyzable
111790 | Hell     | dck: that's not good
111790 | Hell     | dck: eugh sustenance
111790 | Hell     | rdx: pretty much nothing for mr dropped
111790 | Hell     | rdx: i almost wsted 1hr of your time already;P
111790 | Hell     | rdx: i mean wasted almost 1 hr
111790 | Hell     | Artagel: better to go slow and live
111790 | Hell     | Artagel: instead of tabbing in and seeing you die...
111790 | Hell     | dck: oh no
111790 | Hell     | dck: all the felid goodness
111790 | Hell     | dck: gone to waste
111790 | Hell     | dck: 's ok
111790 | Hell     | dck: anyway
111790 | Hell     | dck: what's your MR with the ring?
111792 | Hell     | dck: hm
111792 | Hell     | dck: okay that's not good against an HD what
111792 | Hell     | dck: 18 enemy
111792 | Hell     | dck: but it'll do
111792 | Hell     | WOAT: well
111792 | Hell     | dck: might wanna kill something on your way down so you can summon more than two angels though
111792 | Hell     | WOAT: you dont really need rmut in hell do you?
111792 | Hell     | dck: you don't need rmut anywhere really
111792 | Hell     | dck: bit annoying not to have it in dis
111792 | Hell     | dck: that's about it
111792 | Hell     | WOAT: eh.. what mutates in Dis that im forgetting
111792 | Hell     | dck: cacos mainly
111792 | Hell     | rdx: not sure what i would wer istead of it
111792 | Hell     | WOAT: oh, right
111792 | Hell     | WOAT: well
111792 | Hell     | WOAT: you could wear the finger and stick a ring on it
111792 | Hell     | dck: hm
111792 | Hell     | dck: yeah
111792 | Hell     | dck: wear finger to wear slaying regen and MR
111792 | Hell     | dck: that's what I'd do at least
111792 | Hell     | WOAT: the finger ammy is so cool btw
111792 | Hell     | dck: (also get starlight)
111794 | Hell     | WOAT: i want to find one now
111794 | Hell     | dck: it's odd tso doesn't hate it
111794 | Hell     | dck: best not to say that out loud around devs
111795 | Hell     | Sar: hah
111795 | Hell     | Sar: I wanted to report it actually
111795 | Hell     | Artagel: dang
111795 | Hell     | Artagel: so sustained
111795 | Hell     | Artagel: this mino.
111795 | Hell     | WOAT: uh
111795 | Hell     | WOAT: put slaying on the finger
111795 | Hell     | WOAT: or somethin
111795 | Hell     | WOAT: sustenance is useless
111795 | Hell     | rdx: yeah i kinda need it for moving around
111795 | Hell     | WOAT: are you that low on food
111795 | Hell     | WOAT: no
111795 | Hell     | WOAT: fast metabolism 3?..
111795 | Hell     | dck: you have nine bread rations
111795 | Hell     | Sar: woo, my dude found bullseye
111795 | Hell     | rdx: 23 meat
111795 | Hell     | WOAT: ok
111795 | Hell     | dck: god damn
111795 | Hell     | WOAT: you dont need sustenance
111795 | Hell     | WOAT: at all
111795 | Hell     | dck: I refuse to help anymore unless you lava that sust
111795 | Hell     | dck: "help"
111797 | Hell     | dck: found that in a shop last game sar btw
111797 | Hell     | dck: it was almost 10k
111797 | Hell     | WOAT: can i see your rings
111797 | Hell     | WOAT: again
111797 | Hell     | dck: quality pricing for quality goods
111797 | Hell     | WOAT: ok yeah thats your best bet then
111797 | Hell     | WOAT: slay MR and rC
111797 | Hell     | rdx: do i hcange that cloak for tar?
111797 | Hell     | WOAT: yes
111797 | Hell     | rdx: i do i need preserv there
111797 | Hell     | WOAT: no
111797 | Hell     | Sar: 10k for bullseye lol
111797 | Hell     | WOAT: ok yes get starlight
111802 | D:21     | WOAT: the rElec will be useful
111839 | D:21     | WOAT: so you have coverage on everything
111842 | D:20     | Sar: EV will
112001 | D:14     | Sar: rElec in tar? I guess reapers can get elec scythes.
112005 | D:13     | Sar: maybe
112051 | D:12     | WOAT: oh
112072 | D:11     | WOAT: thought he was fighting anteaeus
112092 | Lair:1   | WOAT: again
112098 | Lair:2   | dck: nein
112098 | Lair:2   | dck: best get piety up before that
112098 | Lair:2   | WOAT: either way you want starlight
112098 | Lair:2   | dck: mottled dragon hide
112098 | Lair:2   | dck: ;_;
112098 | Lair:2   | dck: grab the other regen ring
112098 | Lair:2   | dck: wear it over MR until you fight eresh
112099 | Lair:2   | WOAT: i'm rolling with troll leather armour on my current dude because diving for MDA failed ;_;
112099 | Lair:2   | dck: TLA is good as well
112099 | Lair:2   | Artagel: runelock
112099 | Lair:2   | WOAT: yea
112099 | Lair:2   | WOAT: man i found a randart TLA in a bailey
112099 | Lair:2   | WOAT: but was short the money
112099 | Lair:2   | WOAT: on another guy
112099 | Lair:2   | Sar: bazaar
112099 | Lair:2   | WOAT: was like ;_;
112100 | Lair:2   | WOAT: bazaar rather
112100 | Lair:2   | WOAT: im tired
112100 | Lair:2   | WOAT: they both start with a b
112100 | Lair:2   | WOAT: whatever
112112 | D:11     | Artagel: btw is the wiki serious when it states that metabolic englac used to be a mass hibernation? :D
112253 | D:6      | dck: well it's a level 6 spell
112285 | Elf:1    | dck: mass para seems like a legit affect
112318 | Elf:1    | dck: *e
112318 | Elf:1    | dck: also
112360 | Elf:2    | dck: "Yesterday, my HuFi of Fedhas got Margery inside the vault of the gossamer rune. The vault was the one with several concentric layers and 3 emperor scorpions and 3 ghost moths at the center. Margery had the sword of Jihad, so she didn't cast spells too much. As usual, one of her hell knights had a demon whip of distortion."
112360 | Elf:2    | Bought a potion of might for 37 gold pieces
112360 | Elf:2    | Bought a potion of might for 37 gold pieces
112360 | Elf:2    | Bought a potion of heal wounds for 45 gold pieces
112360 | Elf:2    | Bought a potion of brilliance for 37 gold pieces
112360 | Elf:2    | Bought a potion of heal wounds for 45 gold pieces
112360 | Elf:2    | Bought a potion of heal wounds for 45 gold pieces
112360 | Elf:2    | Bought a potion of curing for 30 gold pieces
112360 | Elf:2    | Bought 2 potions of brilliance for 75 gold pieces
112360 | Elf:2    | Bought a potion of curing for 30 gold pieces
112361 | Elf:2    | dck: (runelock a shit)
112361 | Elf:2    | Sar: sounds like the dude had fun
112361 | Elf:2    | Sar: also, dpeg mode: unique gen can be adjusted
112361 | Elf:2    | WOAT: damn
112361 | Elf:2    | WOAT: hate that end
112377 | Elf:1    | WOAT: how many spider ends are there anyway? i feel like ive never seen more than 2
112453 | D:6      | dck: you know what's fun
112514 | D:9      | dck: it's been a day now
112606 | D:13     | dck: unique gen still untouched
112690 | D:17     | dck: mennas can still spawn in swamp next to lerny
112811 | D:20     | Sar: there's an island with a stone structure
112814 | D:21     | WOAT: i was just about to say
112814 | D:21     | Sar: penis vault
112814 | D:21     | WOAT: rune lock wouldnt be SO bad if it wasnt for the uniques
112814 | D:21     | Sar: circles vault
112814 | D:21     | WOAT: that you can get in ends
112814 | D:21     | Sar: and another similar one
112854 | Hell     | WOAT: like you get to shoals 5 and its like LOL HI IM MENNAS
112854 | Hell     | Sar: they wait for more dudes to die first
112854 | Hell     | dck: that end with doors
112854 | Hell     | dck: which spiders can't open
112855 | Hell     | Sar: hah!
112856 | Hell     | WOAT: well, good thing i seem to always roll snake
112857 | Hell     | Sar: be careful around gnagas
112857 | Hell     | rdx: i need like 3 min break
112857 | Hell     | WOAT: yeah, i just feel like i roll it so often i have more experience with it
112857 | Hell     | WOAT: spider also has the fucking webs
112857 | Hell     | Artagel: I did a quality blink yesterday into a web
112857 | Hell     | Sar: there's a setting now that allows tab to break webs
112857 | Hell     | Sar: too bad you're likely doing it at low level now
112857 | Hell     | WOAT: well
112857 | Hell     | WOAT: i usually did lair ends at XL16-18
112857 | Hell     | WOAT: so ill be around the lower end now
112857 | Hell     | dck: well
112857 | Hell     | WOAT: its just that i cant dive for more tools
112857 | Hell     | WOAT: that sucks
112857 | Hell     | dck: I used not to touch lair branches if I could avoid it
112857 | Hell     | dck: I guess those days are over now
112857 | Hell     | dck: fucking no fun allowed
112857 | Hell     | WOAT: well, you didnt do them ebcause they were boring/easy right
112857 | Hell     | dck: they're still boring though
112857 | Hell     | Sar: but what if there is a portal in Elf:3?
112857 | Hell     | Sar: will you hack through annihilators and master archers to get to V or Pan?
112857 | Hell     | dck: I really wouldn't like having to do that.
112857 | Hell     | WOAT: unnecessary risks?
112857 | Hell     | WOAT: sound right up my alley
112857 | Hell     | dck: and probably wouldn't
112857 | Hell     | WOAT: certain chars might be able to get away with it
112857 | Hell     | dck: because you get exp and shit from lair branches sure but
112857 | Hell     | dck: it drains will to play
112857 | Hell     | WOAT: you dont get that much XP and there is limited loot too
112857 | Hell     | dck: so by the time I dive D I'll probably hate everything about ther character
112857 | Hell     | WOAT: well
112857 | Hell     | dck: and since V will do little to restore that will to play and I'll have two runes already
112857 | Hell     | WOAT: maybe if people complain enough
112857 | Hell     | WOAT: they will get rid of it
112857 | Hell     | dck: jumping into pan will feel like a horrible waste of time
112857 | Hell     | dck: certainly not if you complain to dpeg
112857 | Hell     | dck: but anyway
112889 | Tar:1    | Entered Level 1 of Tartarus
112890 | Tar:1    | dck: I'm not too worried
112892 | Tar:1    | dck: I doubt all other devs like the idea at all
112892 | Tar:1    | WOAT: is dpeg the "head" developer
112892 | Tar:1    | dck: hahaha
112892 | Tar:1    | dck: no
112894 | Tar:1    | WOAT: o
112894 | Tar:1    | Sar: dpeg isn't really a dev at all
112896 | Tar:1    | Sar: used to be idea guy
112901 | Tar:1    | dck: hey mang
112903 | Tar:1    | dck: wear double regen and slaying
112911 | Tar:1    | Sar: hi
112931 | Tar:1    | Sar: why are we training Evo again?
112947 | Tar:1    | dck: was wondering right that
112961 | Tar:1    | rdx: coz i had to use ring of flying and maybe i dunno better evo not bad?
112961 | Tar:1    | rdx: what else
112970 | Tar:2    | Sar: you had phial of floods?
112971 | Tar:2    | Sar: or was it my dude?
112971 | Tar:2    | WOAT: 4 phials sheeeit
112971 | Tar:2    | Sar: should've taken them with 16 evo
112971 | Tar:2    | Sar: could've killed anta
112971 | Tar:2    | rdx: here?
112971 | Tar:2    | Sar: uh, I dunno
112971 | Tar:2    | Sar: backtracking sucks but those are strong items
112971 | Tar:2    | Sar: your call
113042 | Hell     | Sar: geh 7 lol
113042 | Hell     | rdx: eh geh 7
113042 | Hell     | Sar: probably wouldn't go there
113042 | Hell     | Sar: Lair one, maybe
113042 | Hell     | rdx: i cleared most geh7 but no 1-6
113042 | Hell     | WOAT: well you can just dive the same route you went down on
113042 | Hell     | Sar: anyway, what they do is a beam that does damage
113042 | Hell     | WOAT: little risky
113042 | Hell     | Sar: creates shallow water
113042 | Hell     | Sar: and some water elementals
113042 | Hell     | Sar: btw you can't go the same route in hell
113042 | Hell     | WOAT: eh? i did it a bunch of times a few days ago
113042 | Hell     | WOAT: it deposits you in a different place occasionlly
113042 | Hell     | Sar: stairs are not connected always in the same way
113042 | Hell     | WOAT: but eh not really that worth the risk
113115 | Tar:2    | Sar: see?
113175 | Tar:2    | Sar: he used same downstairs but landed in a different place
113181 | Tar:2    | Sar: I think
113255 | Tar:2    | rdx: yeah
113255 | Tar:2    | WOAT: yeah, i know it happens occasionally, im just not sure whether
113267 | Tar:2    | WOAT: theres a "normal" route that you occasionally go off of
113273 | Tar:3    | WOAT: or whether there are a few dumpoff points that are randomly chosen
113274 | Tar:3    | Sar: no idea
113278 | Tar:3    | Sar: oh well, good luck man!
113278 | Tar:3    | WOAT: because i got dumped in the same 2-3 spots
113279 | Tar:3    | WOAT: cflame time
113284 | Tar:3    | WOAT: get the ghost
113284 | Tar:3    | WOAT: ok
113298 | Tar:4    | dck: yeah actually I'm gonna go get that fe rolling
113298 | Tar:4    | dck: stay on your toes mang
113298 | Tar:4    | rdx: not gonna mess with the crowd and tormentor in the back
113298 | Tar:4    | dck: and ring if you need anything
113340 | Tar:5    | WOAT: kill shadow demons asap
113345 | Tar:6    | WOAT: because they summonspam
113453 | Tar:6    | Reached skill level 27 in Dodging
113482 | Tar:6    | rdx: noo
113482 | Tar:6    | rdx: i didnt take the mapping
113482 | Tar:6    | rdx: im going back..
113509 | Tar:6    | Lost intelligence.
113579 | Hell     | WOAT: uh
113580 | Hell     | WOAT: restore abilities
113594 | Hell     | WOAT: might want to quaff another
113596 | Hell     | rdx: nope
113596 | Hell     | WOAT: eh
113596 | Hell     | WOAT: ok i thought you had more than 5 int
113596 | Hell     | WOAT: no worries
114024 | Tar:7    | Entered Level 7 of Tartarus
114026 | Tar:7    | rdx: what i didnt i fuckign picked them up?
114026 | Tar:7    | rdx: what is going on with me lol
114026 | Tar:7    | rdx: so basically tar and coc are hells i have least or clsoe to none epxerience with
114042 | Tar:7    | rdx: this boss looks like a bitch, summonign paralyze self heal torment wtf
114042 | Tar:7    | rdx: and sielnce
114042 | Tar:7    | rdx: jesus
114544 | Tar:7    | WOAT: oh
114548 | Tar:7    | WOAT: its the maze end
114554 | Tar:7    | WOAT: i think..
114563 | Tar:7    | WOAT: go into map mode for a sec?
114564 | Tar:7    | rdx: map mode?
114564 | Tar:7    | WOAT: hit X
114564 | Tar:7    | WOAT: capital
114564 | Tar:7    | WOAT: yup
114564 | Tar:7    | WOAT: thats not ideal
114570 | Tar:7    | WOAT: got a tele wand?
114572 | Tar:7    | rdx: nope
114572 | Tar:7    | WOAT: tele ring?
114572 | Tar:7    | rdx: yup
114572 | Tar:7    | WOAT: you might need it
114572 | Tar:7    | WOAT: if shit goes south
114578 | Tar:7    | WOAT: because eresh silences
114581 | Tar:7    | WOAT: well
114581 | Tar:7    | WOAT: dont need it just yet
114583 | Tar:7    | WOAT: dont put it on
114585 | Tar:7    | WOAT: unless you are going to use it
114589 | Tar:7    | WOAT: because it random teles you
114633 | Tar:7    | WOAT: ok so
114634 | Tar:7    | WOAT: before you open that door
114635 | Tar:7    | WOAT: buff up
114646 | Tar:7    | Noticed an ancient lich
114647 | Tar:7    | WOAT: oh dear
114647 | Tar:7    | WOAT: ok now is a good time to gtfo
114647 | Tar:7    | WOAT: well
114647 | Tar:7    | rdx: why am i so stupid
114647 | Tar:7    | WOAT: huh
114647 | Tar:7    | rdx: i ws thinking maybe i should buff before getting close to the door
114647 | Tar:7    | WOAT: yeah
114647 | Tar:7    | WOAT: well
114647 | Tar:7    | WOAT: you want to move back i think
114648 | Tar:7    | WOAT: get out of LoS of fiends
114648 | Tar:7    | WOAT: so you dont get torment spammed
114649 | Tar:7    | WOAT: this end sucks because you cant really surround eresh with summons
114649 | Tar:7    | rdx: why are there so manny tormengin enemies in sucha small area
114649 | Tar:7    | rdx: this is crazy
114649 | Tar:7    | WOAT: because its eresh room
114649 | Tar:7    | WOAT: hm
114649 | Tar:7    | WOAT: you can haste up a daeva i suppose
114649 | Tar:7    | WOAT: or quaff a buff
114649 | Tar:7    | WOAT: or haste yourself
114649 | Tar:7    | WOAT: or just run idk
114659 | Tar:7    | WOAT: uh
114659 | Tar:7    | WOAT: i dont think enemies will be fought f they are out of your LoS
114659 | Tar:7    | WOAT: not sure though
114662 | Tar:7    | rdx: yeah this isnt going anywhere
114662 | Tar:7    | WOAT: hmm
114662 | Tar:7    | WOAT: could just try to fight them and then have telering ready
114662 | Tar:7    | rdx: cant dig or destroy these walls right?
114662 | Tar:7    | WOAT: if youre feeling like tasking risks
114662 | Tar:7    | WOAT: not with anything you have
114662 | Tar:7    | WOAT: i dont think
114662 | Tar:7    | rdx: desint?
114664 | Tar:7    | WOAT: nope
114674 | Tar:7    | Killed an ancient lich
114681 | Tar:7    | WOAT: one fiend down
114681 | Tar:7    | rdx: well that went kinda well
114681 | Tar:7    | WOAT: just be ready b/c eresh is probably coming too
114693 | Tar:7    | dck: ah, going strong
114693 | Tar:7    | dck: good
114694 | Tar:7    | WOAT: yeah just moved back a few
114694 | Tar:7    | WOAT: 2 fiends left
114698 | Tar:7    | dck: good
114700 | Tar:7    | WOAT: id buff up now honestly since eresh is probably following
114701 | Tar:7    | dck: remember about swapping one regen for MR
114701 | Tar:7    | WOAT: or nearby
114701 | Tar:7    | rdx: what othere buffs could i get
114701 | Tar:7    | dck: agilmight
114701 | Tar:7    | WOAT: might, agil
114701 | Tar:7    | rdx: serisouly my brain is off right now
114701 | Tar:7    | rdx: im gonna stopa fter this
114701 | Tar:7    | WOAT: alright
114701 | Tar:7    | WOAT: well
114702 | Tar:7    | WOAT: quaff agil and might
114703 | Tar:7    | dck: postend does that to ya
114704 | Tar:7    | WOAT: ok
114704 | Tar:7    | WOAT: so lets see whats left here
114704 | Tar:7    | dck: boldly stride forward
114704 | Tar:7    | WOAT: put MR on
114704 | Tar:7    | WOAT: right
114704 | Tar:7    | rdx: swap regen for tele?
114704 | Tar:7    | WOAT: no
114704 | Tar:7    | dck: what?
114704 | Tar:7    | dck: why would you do that?
114704 | Tar:7    | WOAT: only tele if you get silenced and are fucked
114704 | Tar:7    | WOAT: it shouldnt happen wit summons
114704 | Tar:7    | WOAT: by fucked i mean
114704 | Tar:7    | WOAT: out of HW
114704 | Tar:7    | WOAT: and silenced
114704 | Tar:7    | WOAT: and no HP
114705 | Tar:7    | WOAT: but you should be OK
114708 | Tar:7    | Noticed Ereshkigal
114708 | Tar:7    | WOAT: ok
114708 | Tar:7    | dck: step nw
114709 | Tar:7    | rdx: eh
114709 | Tar:7    | dck: do you have fog?
114709 | Tar:7    | dck: ta at the fiend
114709 | Tar:7    | dck: then start killing
114709 | Tar:7    | dck: and don't stop until everything is dead
114710 | Tar:7    | dck: swing at nothing once
114711 | Tar:7    | dck: no luck
114711 | Tar:7    | dck: move on
114713 | Tar:7    | rdx: what
114713 | Tar:7    | WOAT: cflame?
114713 | Tar:7    | dck: hm
114713 | Tar:7    | dck: wands?
114713 | Tar:7    | WOAT: get some damage on eresh
114713 | Tar:7    | rdx: that thing got 6 ev..
114713 | Tar:7    | dck: dig the wall next to the fiend
114713 | Tar:7    | WOAT: can you dig these?
114713 | Tar:7    | dck: well
114713 | Tar:7    | WOAT: thought you needed shatter
114713 | Tar:7    | dck: check if its' rock first
114713 | Tar:7    | dck: double dang
114713 | Tar:7    | rdx: i couldnt with desinte
114713 | Tar:7    | dck: well just cflame
114713 | Tar:7    | dck: yeah they don't work
114713 | Tar:7    | WOAT: hate this tar end
114713 | Tar:7    | WOAT: so yeah just cflame i think
114714 | Tar:7    | WOAT: uhh
114714 | Tar:7    | dck: hm
114714 | Tar:7    | dck: Damage: 40
114714 | Tar:7    | rdx: daevas 2 busy smiting
114714 | Tar:7    | WOAT: did she quaff a potion of might?..
114714 | Tar:7    | dck: brings her up to speed with anta
114714 | Tar:7    | dck: that's bad
114714 | Tar:7    | dck: tele
114714 | Tar:7    | rdx: fuck
114715 | Tar:7    | WOAT: noooo WHY
114715 | Tar:7    | WOAT: or was that her
114715 | Tar:7    | WOAT: nvm
114715 | Tar:7    | WOAT: thought you read sil lol
114715 | Tar:7    | WOAT: ok yeah good timing on that tele
114715 | Tar:7    | dck: git moving m8
114715 | Tar:7    | rdx: and i cant tell em to kill that fiend
114715 | Tar:7    | WOAT: back down that corridor
114715 | Tar:7    | WOAT: you just want to get out of there
114715 | Tar:7    | rdx: the one i came?
114715 | Tar:7    | WOAT: yes
114716 | Tar:7    | WOAT: just keep going
114718 | Tar:7    | dck: reaching mighted eresh
114718 | Tar:7    | rdx: now shes picking up stuff,
114718 | Tar:7    | rdx: why does this look so fuckign hard the other 2 hells were 'easy'
114719 | Tar:7    | WOAT: because you got the maze end
114719 | Tar:7    | WOAT: and bad luck basically
114719 | Tar:7    | rdx: can earchquake destroy walls here?
114719 | Tar:7    | WOAT: no, you need shatter
114719 | Tar:7    | WOAT: well
114719 | Tar:7    | WOAT: im out for tonight
114719 | Tar:7    | rdx: k thx for help
115224 | Tar:7    | Killed Ereshkigal
115235 | Tar:7    | Got a bone rune of Zot
115389 | Tar:7    | Got a transparent wooden ring
115393 | Tar:7    | Noticed an ancient lich
115403 | Tar:7    | Killed an ancient lich
115415 | Tar:7    | Noticed an ancient lich
115423 | Tar:7    | Killed an ancient lich
115672 | Tar:7    | Noticed an ancient lich
115691 | Tar:7    | Killed an ancient lich
115710 | Tar:7    | Identified the Grimoire of Ice
115714 | Tar:7    | Got a transparent copper ring
115773 | Tar:7    | Lost intelligence.
115807 | Tar:7    | Identified the Tome of Venom
115927 | Hell     | Identified the ring of Blohustre {+Fly Acc-2 Dam+3} (You found it on level 7 of Tartarus)
115928 | Hell     | Identified the ring "Jauhisus" {Wiz Dex+4 Int+3} (You found it on level 7 of Cocytus)
115928 | Hell     | Identified the ring "Shroydd" {AC+3 Str-1 Stlth-} (You found it on level 7 of Tartarus)
116603 | Pan      | Entered Pandemonium
116670 | Pan      | Found an exit through the horrors of the Abyss.
117159 | Pan      | Noticed Ceimpemivo the pandemonium lord
117169 | Pan      | Killed Ceimpemivo the pandemonium lord
117571 | Pan      | Noticed Otemaur the pandemonium lord
117585 | Pan      | Killed Otemaur the pandemonium lord
117597 | Pan      | Got a demonic rune of Zot
118125 | Pan      | Reached skill level 1 in Spellcasting
118213 | Pan      | Noticed Grustol the pandemonium lord
118219 | Pan      | Killed Grustol the pandemonium lord
118641 | Pan      | Noticed Bleq the pandemonium lord
118664 | Pan      | Killed Bleq the pandemonium lord
119281 | Pan      | rdx: food break;P
119281 | Pan      | Brokkr: hallo
119467 | Pan      | Noticed Sheotip the pandemonium lord
119472 | Pan      | Killed Sheotip the pandemonium lord
119702 | Pan      | rdx: why does his aura cancelk my aura not the other way around..
120009 | Pan      | Gained mutation: Your vision is a little blurry. [a neqoxec]
120059 | Pan      | Reached skill level 5 in Spellcasting
120072 | Pan      | Lost intelligence.
120389 | Pan      | Noticed Losty the pandemonium lord
120398 | Pan      | Killed Losty the pandemonium lord
121298 | Pan      | Reached skill level 1 in Charms
121317 | Pan      | Noticed Vyer the pandemonium lord
121323 | Pan      | Killed Vyer the pandemonium lord
121362 | Pan      | Entered the realm of Cerebov.
121363 | Pan      | rdx: hmm ok...
121367 | Pan      | rdx: im kinda scared
121368 | Pan      | rdx: hmm seems like a zigg here too
121553 | Pan      | Noticed Cerebov
121580 | Pan      | Killed Cerebov
121581 | Pan      | Zero: nice
121645 | Pan      | Got a fiery rune of Zot
121661 | Pan      | Identified Sif Muna's Disquisition on Enchantment
121736 | Pan      | Identified the Papyrus of the Rocks
121854 | Pan      | Found a gateway to a ziggurat.
121856 | Pan      | rdx: nope
121856 | Pan      | rdx: dont feel like dying yet
121978 | Pan      | Entered the realm of Lom Lobon.
121988 | Pan      | rdx: no this cant be..
121988 | Pan      | rdx: 2nd in a row?
121988 | Pan      | rdx: come on
121988 | Pan      | rdx: i hate this game..
121988 | Pan      | rdx: i hope nothing here can mutate me
121993 | Pan      | rdx: either i keep my potions or get relec and rf+++
122021 | Pan      | rdx: ffs
122145 | Pan      | Noticed Lom Lobon
122155 | Pan      | Killed Lom Lobon
122156 | Pan      | rdx: meh
122183 | Pan      | Got a magical rune of Zot
122710 | Pan      | Found an exit through the horrors of the Abyss.
123082 | Pan      | Noticed Agri the pandemonium lord
123087 | Pan      | Killed Agri the pandemonium lord
123131 | D:21     | Escaped Pandemonium
123382 | Trove    | Entered a treasure trove
123437 | Trove    | Identified Sif Muna's Tome of Combat Magic
123454 | Trove    | Identified Souw Mna's Guide on Self-Knowledge
123455 | Trove    | rdx: lmao that was so worth it
123457 | Trove    | Identified Vigotz's Papyrus of Transmutation and Flight
123461 | Trove    | rdx: got all the scrolls back
123540 | Hell     | rdx: well i need a break, bbl
123546 | Hell     | Lost mutation: Your vision is a little blurry. [potion of cure mutation]
123546 | Hell     | Lost mutation: Armour fits poorly on your strangely shaped body. [potion of cure mutation]
123546 | Hell     | Lost mutation: Your muscles are very strong. (Str +4) [potion of cure mutation]
123546 | Hell     | Lost mutation: You are frail (-10% HP). [potion of cure mutation]
123611 | Pan      | Entered the realm of Gloorx Vloq.
123611 | Pan      | Entered Pandemonium
123612 | Pan      | rdx: this is some kind of joke lol
123612 | Pan      | rdx: fuck and my piety isnt maxed
123962 | Pan      | Got a pair of fine gloves
123966 | Pan      | Identified the +0 pair of gloves of Fortitude {rF+} (You found it in Pandemonium)
124153 | Pan      | Noticed Gloorx Vloq
124153 | Pan      | rdx: rngesus plz no torment spam
124164 | Pan      | Killed Gloorx Vloq
124174 | Pan      | rdx: meh
124211 | Pan      | Got a dark rune of Zot
124795 | Pan      | Found an exit through the horrors of the Abyss.
124921 | Pan      | Got a faintly glowing plate armour
124922 | Pan      | Identified the cursed -4 plate armour of Lilacs {rF+} (You found it in Pandemonium)
125220 | Pan      | Noticed Zuaduow the pandemonium lord
125233 | Pan      | Killed Zuaduow the pandemonium lord
125500 | Pan      | Noticed Zyecoowk the pandemonium lord
125516 | Pan      | Killed Zyecoowk the pandemonium lord
125596 | Pan      | Found an exit through the horrors of the Abyss.
125624 | Pan      | Entered the realm of Mnoleg.
125625 | Pan      | rdx: why cant i just gain max piety first lol
125759 | Pan      | Got an ichor-stained large shield
125779 | Pan      | Identified the -1 large shield of Poif {Str+2} (You acquired it in Pandemonium)
125911 | Pan      | Noticed Mnoleg
125924 | Pan      | Killed Mnoleg
125930 | Pan      | rdx: hmm that was meh easy
125933 | Pan      | Got a glowing rune of Zot
125953 | Pan      | rdx: plz be wand of healing
125959 | Pan      | rdx: ...
125960 | Pan      | rdx: yah pretty much 2 msot useful wands never seen
126230 | Pan      | rdx: ypu i knew it
126468 | Pan      | Noticed Turovo Dabaa the pandemonium lord
126488 | Pan      | Killed Turovo Dabaa the pandemonium lord
126555 | Pan      | Paralysed by a giant eyeball for 4 turns
127035 | Pan      | Noticed Ghenu the pandemonium lord
127042 | Pan      | Killed Ghenu the pandemonium lord
127246 | Pan      | rdx: 2 many tormentors for my taste on this lvl
127764 | Pan      | Noticed Ycuitue the pandemonium lord
127778 | Pan      | Killed Ycuitue the pandemonium lord
127802 | Pan      | Got a transparent lapis lazuli ring
127803 | Pan      | Identified the cursed ring "Criz" {rF+ AC-5} (You found it in Pandemonium)
128046 | Pan      | Gained mutation: You are dopey. (Int -2) [a neqoxec]
128109 | Pan      | Zero: dopey
128177 | Pan      | Noticed Ojizonax the pandemonium lord
128203 | Pan      | Killed Ojizonax the pandemonium lord
128335 | Pan      | rdx: umm
128335 | Pan      | rdx: this is not funny
128351 | Pan      | Noticed Rerag the pandemonium lord
128361 | Pan      | Killed Rerag the pandemonium lord
128692 | Pan      | Noticed Zunkiret the pandemonium lord
128698 | Pan      | rdx: this mr or rather lack of it sucks
128732 | Pan      | Killed Zunkiret the pandemonium lord
128825 | Pan      | rdx: not again
128825 | Pan      | Found a gateway to a ziggurat.
129295 | Pan      | Found an exit through the horrors of the Abyss.
129671 | Pan      | Noticed Worexom the pandemonium lord
129733 | Pan      | Killed Worexom the pandemonium lord
130014 | Pan      | Noticed Qoppuhoips the pandemonium lord
130024 | Pan      | Killed Qoppuhoips the pandemonium lord
130458 | Pan      | Noticed Stroi the pandemonium lord
130487 | Pan      | Killed Stroi the pandemonium lord
130629 | Pan      | Gained mutation: You digest meat inefficiently. [a neqoxec]
130850 | Pan      | Found an exit through the horrors of the Abyss.
131132 | Pan      | Noticed Lusograo the pandemonium lord
131155 | Pan      | Killed Lusograo the pandemonium lord
131155 | Pan      | Reached skill level 27 in Invocations
131197 | Pan      | Identified Tarejer's Tome of Flamy Conjuration (You found it in Pandemonium)
131483 | Pan      | Noticed Sel Amme the pandemonium lord
131493 | Pan      | Killed Sel Amme the pandemonium lord
131767 | Pan      | rdx: someone tell my does his aura cancels mine not the other way around
131932 | Pan      | Vidiiot: wat
131933 | Pan      | rdx: profane something
131944 | Pan      | Vidiiot: They nullify.
131946 | Pan      | Vidiiot: So neither auras work
132063 | Pan      | Found an exit through the horrors of the Abyss.
132097 | Pan      | Noticed Cummic the pandemonium lord
132107 | Pan      | Killed Cummic the pandemonium lord
132630 | Pan      | rdx: sigh why cant i just find last wand and amulet of conservation;/
132671 | Pan      | Vidiiot: You dont really need them
132685 | Pan      | Vidiiot: :p
132699 | Pan      | rdx: kinda want heal
132818 | Pan      | Noticed Trenol the pandemonium lord
132830 | Pan      | Killed Trenol the pandemonium lord
133153 | Pan      | rdx: too bad you cant do ziggs with melee
133333 | Pan      | Found an exit through the horrors of the Abyss.
133471 | Pan      | Vidiiot: You can.
133528 | Pan      | Noticed Zetuoqie the pandemonium lord
133553 | Pan      | rdx: im dumb im fighting with a rod and wondering why its nto dying
133554 | Pan      | Killed Zetuoqie the pandemonium lord
133568 | Pan      | Vidiiot: Go to your rod
133569 | Pan      | Vidiiot: And inscibe it with !a
133570 | Pan      | Vidiiot: Press i
133570 | Pan      | Vidiiot: Then v
133570 | Pan      | Vidiiot: Then i
133570 | Pan      | Vidiiot: Then !a
133570 | Pan      | Vidiiot: And enter
133570 | Pan      | rdx: i m
133570 | Pan      | rdx: its pening inventory again
133582 | Pan      | rdx: same with {
133582 | Pan      | rdx: ...
133582 | Pan      | rdx: ummm
133582 | Pan      | rdx: i cant inscribe it lol
133582 | Pan      | Vidiiot: Its weird it isnt letting you inscribe it
133582 | Pan      | rdx: i guess coz its evokable.. or something
133582 | Pan      | Vidiiot: Thats silly.
133582 | Pan      | rdx: nop its something witht his rod
133582 | Pan      | Vidiiot: Press
133582 | Pan      | Vidiiot: =
133582 | Pan      | Vidiiot: Equals
133582 | Pan      | Vidiiot: Then swap it to a different letter
133582 | Pan      | Vidiiot: And try?
133582 | Pan      | Vidiiot: O
133582 | Pan      | rdx: nothing
133582 | Pan      | Vidiiot: That's still silly.
133582 | Pan      | Vidiiot: :/
133582 | Pan      | rdx: this rod is broken
133621 | Pan      | rdx: i have like 7 cure mut
133621 | Pan      | rdx: ...
133808 | Pan      | Noticed Joryej the pandemonium lord
133867 | Pan      | Killed Joryej the pandemonium lord
134263 | Pan      | Noticed Banesaek the pandemonium lord
134297 | Pan      | Killed Banesaek the pandemonium lord
134584 | Pan      | Found an exit through the horrors of the Abyss.
134589 | Pan      | Gained mutation: You are frail (-10% HP). [a neqoxec]
134612 | Pan      | Took an exit into the Abyss.
134612 | Abyss:1  | Escaped into the Abyss
134689 | Abyss:1  | Noticed an ancient lich
134701 | Abyss:1  | Killed an ancient lich
134979 | Abyss:3  | Vidiiot: Isnt this vault?
134979 | Abyss:3  | Vidiiot: Forrune?
134979 | Abyss:3  | Vidiiot: North?
134979 | Abyss:3  | Vidiiot: Past Kraken
134979 | Abyss:3  | Vidiiot: if it is
134979 | Abyss:3  | Vidiiot: Watch out for tent monstrocitys!
134979 | Abyss:3  | rdx: what?
135014 | Abyss:3  | Vidiiot: Yeah
135014 | Abyss:3  | Vidiiot: Watch out ;)
135014 | Abyss:3  | Vidiiot: Put flight on
135014 | Abyss:3  | rdx: for what?
135014 | Abyss:3  | Vidiiot: For dangerous monsters!
135014 | Abyss:3  | rdx: ...
135014 | Abyss:3  | rdx: afk a min
135014 | Abyss:3  | rdx: nah i dont have any fligth with me..
135014 | Abyss:3  | rdx: wanna tell me why i need flight here?
135014 | Abyss:3  | Vidiiot: Because
135014 | Abyss:3  | Vidiiot: You're moving slowly through water.
135014 | Abyss:3  | Vidiiot: http://crawl.chaosforge.org/Tentacled_monstrosity
135014 | Abyss:3  | Vidiiot: And a couple of these guys are waiting for you
135014 | Abyss:3  | rdx: cant fly right now
135014 | Abyss:3  | Vidiiot: Well
135014 | Abyss:3  | Vidiiot: Get an angel or two out ;)
135014 | Abyss:3  | Vidiiot: Just in cause
135016 | Abyss:3  | Vidiiot: You should be fine regardless. :P
135029 | Abyss:3  | Got an abyssal rune of Zot
135049 | Abyss:4  | Vidiiot: you dont need to go deeper
135050 | Abyss:4  | Vidiiot: You have the rune
135050 | Abyss:4  | rdx: yeah so
135050 | Abyss:4  | Vidiiot: So you have the highest chance of generating an escape
135050 | Abyss:4  | Vidiiot: Well
135053 | Abyss:4  | Vidiiot: Its dangerous :(
135060 | Abyss:4  | WOAT: dude
135060 | Abyss:4  | WOAT: why are you burdened lol
135063 | Abyss:4  | WOAT: ok never mind
135063 | Abyss:4  | rdx: coz lootz
135067 | Abyss:4  | WOAT: those are temp muts
135069 | Abyss:4  | WOAT: they work like drain
135088 | Abyss:4  | WOAT: how many runes left
135088 | Abyss:4  | rdx: i know i just dont liek having 1 int
135089 | D:21     | Escaped the Abyss
135090 | D:21     | rdx: got all the name pand rune + one random pan
135090 | D:21     | rdx: tomb slimge and coc left i think
135090 | D:21     | Vidiiot: Hopefully coc;7 will be easier this time ;)
135090 | D:21     | rdx: haha
135090 | D:21     | Zero: Anta awaits you
135145 | Hell     | rdx: chrome crashed...
135152 | Hell     | rdx: i didnt find any conservation in pad tho
136162 | Hell     | rdx: fuck i need exp
136162 | Hell     | rdx: to remove them
136162 | Hell     | rdx: cant i just drink cure mut?
136165 | Hell     | WOAT: no
136165 | Hell     | WOAT: gotta get dat XP
136165 | Hell     | WOAT: it'll go away fast if youre in Pan anyway
136165 | Hell     | rdx: im not gonna be in pan anymore i dont think i need to
136346 | Coc:3    | Vidiiot: wait
136346 | Coc:3    | Vidiiot: You have flgith for coc?
136346 | Coc:3    | Vidiiot: *flight
136407 | Coc:5    | rdx: yeah 2 pots and a ring
136469 | Coc:6    | Vidiiot: Good
136472 | Coc:6    | Vidiiot: good luck :)
136490 | Coc:6    | rdx: what can go wrong... this time;P
136552 | Coc:7    | rdx: yeah that amu would be ncie here
136552 | Coc:7    | rdx: i think im gonna drink cure mut now
136552 | Coc:7    | Lost mutation: You are frail (-10% HP). [potion of cure mutation]
136552 | Coc:7    | Lost mutation: You digest meat inefficiently. [potion of cure mutation]
136552 | Coc:7    | Lost mutation: You are dopey. (Int -2) [potion of cure mutation]
136553 | Coc:7    | rdx: well that was nice
136708 | Coc:7    | Killed Antaeus
136750 | Coc:7    | Got an icy rune of Zot
136761 | Coc:7    | Sar: wooo! you did it!
136761 | Coc:7    | rdx: yeah this time i knw whats in here lol
136761 | Coc:7    | Sar: grats
136761 | Coc:7    | rdx: tomb or slime..
136761 | Coc:7    | Zero: tomb
136761 | Coc:7    | rdx: first...
136761 | Coc:7    | rdx: afk gonna make some tea
136761 | Coc:7    | rdx: actully gonna get soemthing to eat, more like 30 mins break
136761 | Coc:7    | dck: death to all titans
136761 | Coc:7    | rdx: ok so now tomb or slime first...
137110 | Hell     | rdx: im kinda scared of tomb and slime is annoying as duck
137110 | Hell     | rdx: first world problems..
137110 | Hell     | Zero: tomb is more spectacular
137110 | Hell     | rdx: lol
137333 | D:13     | WOAT: well
137379 | D:12     | WOAT: you have preservation right
137420 | Lair:1   | rdx: yup
137427 | Lair:2   | WOAT: slime isnt a huge deal TRJ is annoying though
137445 | Lair:2   | WOAT: because he hides behind jellies that appear when you hit him
137445 | Lair:2   | rdx: freezing cloud?
137589 | Slime:1  | Entered Level 1 of the Pits of Slime
137598 | Slime:1  | rdx: wan walls still corode stuff?
137640 | Slime:3  | rdx: can*
137650 | Slime:4  | Paralysed by a giant eyeball for 2 turns
137696 | Slime:4  | Vidiiot: Yes
137714 | Slime:5  | Vidiiot: Put on clarity
137714 | Slime:5  | Vidiiot: If you haveit
137714 | Slime:5  | Vidiiot: rC+ (++)
137714 | Slime:5  | Vidiiot: And any acid protection
137714 | Slime:5  | rdx: if i get clarity ill get muted like mad
137714 | Slime:5  | rdx: i got lik 6 pots of cure mut but not sure how badly it could mess my fight with the boss
137714 | Slime:5  | rdx: mutated*
137714 | Slime:5  | rdx: do i really need clarity?
137771 | Slime:6  | Entered Level 6 of the Pits of Slime
137773 | Slime:6  | Vidiiot: For golden eyes.
137773 | Slime:6  | Vidiiot: Just in case.
137773 | Slime:6  | rdx: but then i lose mut resist
137811 | Slime:6  | Noticed the royal jelly
137825 | Slime:6  | Killed the royal jelly
137828 | Slime:6  | WOAT: TRJ ded?
137828 | Slime:6  | rdx: yeah
138051 | Slime:6  | Got a slimy rune of Zot
138396 | Lair:2   | rdx: what do i need for tob other than everything...;P
138396 | Lair:2   | Zero: rneg+++
138461 | D:13     | Vidiiot: Yeah
138466 | D:13     | Vidiiot: silence helps out a lot too.
138497 | D:14     | Vidiiot: A lot of food.
138699 | Hell     | rdx: no preserv or rmut?
138700 | Hell     | rdx: only thing that scares me more than tomb are probalby mummy zigg lvls i HATE death curses, torrment and smites
138714 | Hell     | rdx: i dont think i have enough patience to scum pand for exp to learn and cast silence lol
138717 | Hell     | Vidiiot: Well
138717 | Hell     | Vidiiot: You'll be fine without it.
138717 | Hell     | Vidiiot: :P
138717 | Hell     | Vidiiot: Just take it slow
138717 | Hell     | rdx: got 2 sielnce scrolls and 4 holly word
138717 | Hell     | rdx: fear doesnt work there right?
138718 | Hell     | Vidiiot: I wouldnt use fear.
138718 | Hell     | rdx: well i cant carry much more so ill just go
138953 | Vaults:1 | Vidiiot: Oye
138997 | Vaults:2 | Vidiiot: rNNN
138997 | Vaults:2 | Vidiiot: +But you're with TSO
138997 | Vaults:2 | Vidiiot: so tha gigiven
139167 | Crypt:2  | rdx: also got that finger thing on my neck
139168 | Tomb:1   | Entered Level 1 of the Tomb of the Ancients
139170 | Tomb:1   | rdx: i see not much changed in desing
139260 | Tomb:1   | rdx: i think there used to be something nasty in that corner room
139260 | Tomb:1   | rdx: cant really remember
139321 | Tomb:2   | rdx: damn piety
139337 | Tomb:2   | rdx: how could i forget bout cleanse
139367 | Tomb:2   | Reached skill level 27 in Evocations
139484 | Tomb:2   | rdx: can be hard since i didnt come here with full piety and seems like im spending it much faster that i expected
139777 | Tomb:3   | Entered Level 3 of the Tomb of the Ancients
141386 | Tomb:3   | Got a golden rune of Zot
141661 | Tomb:1   | Noticed Boris
141675 | Tomb:1   | Killed Boris
141706 | Tomb:1   | Vidiiot: Did you get the rune?
141708 | Tomb:1   | rdx: yup
141708 | Tomb:1   | Vidiiot: Nice work.
141708 | Tomb:1   | Vidiiot: Good luck in Zot. ;)
141708 | Tomb:1   | rdx: zot is clear
141708 | Tomb:1   | Vidiiot: Try not to get overconfident though.
141708 | Tomb:1   | Vidiiot: oh eally? :P
141708 | Tomb:1   | Vidiiot: Nice.
141708 | Tomb:1   | Vidiiot: Good luck on the ascend.
141708 | Tomb:1   | rdx: i did zot before hells and all toehr stuff
141715 | Tomb:1   | rdx: i REALLY hate torment and death curse tho
141913 | Vaults:3 | Vidiiot: ye
142020 | Vaults:1 | Vidiiot: ahmake sure stuff (vital_0 is uncursed before aecend :p
142063 | Vaults:1 | Vidiiot: You should be clear though
142295 | Hell     | rdx: huh?
142625 | Zot:5    | Got the Orb of Zot
143191 | D:13     | Noticed Lioruga the pandemonium lord
143201 | D:13     | Killed Lioruga the pandemonium lord
143654 | D:4      | Noticed Dosic the pandemonium lord
143658 | D:4      | Killed Dosic the pandemonium lord
143765 | D:1      | Vidiiot: gratz
144110 | D:1      | Noticed Cluajul the pandemonium lord
144116 | D:1      | Killed Cluajul the pandemonium lord
144142 | D:1      | rdx: not sure if i can max piety here
144142 | D:1      | rdx: ;/
144212 | D:1      | Noticed Nibeicuk the pandemonium lord
144226 | D:1      | Killed Nibeicuk the pandemonium lord
144230 | D:1      | Vidiiot: Why would you want to?
144238 | D:1      | rdx: why not
144238 | D:1      | rdx: ;>
144330 | D:1      | rdx: meh its borign already
144330 | D:1      | Vidiiot: Haha
144330 | D:1      | Vidiiot: Wel ldone though. :P
144330 | D:1      | Vidiiot: Yeah
144330 | D:1      | Vidiiot: It's dull of grind piety.
144335 | D:$      | Escaped with the Orb!

Action                   |  1- 3 |  4- 6 |  7- 9 | 10-12 | 13-15 | 16-18 | 19-21 | 22-24 | 25-27 || total
-------------------------+-------+-------+-------+-------+-------+-------+-------+-------+-------++-------
Melee: Falchion          |    90 |   104 |   406 |   573 |       |       |       |       |       ||  1173
       Hammer            |       |       |     5 |       |       |       |       |       |       ||     5
       Scimitar          |       |       |       |   572 |  2708 |  2711 |  3028 |   853 |       ||  9872
       Flail             |       |       |       |       |    83 |       |       |       |       ||    83
       Rod               |       |       |       |       |     6 |       |       |       |    25 ||    31
       Blessed scimitar  |       |       |       |       |       |       |       |  1432 |       ||  1432
       Blessed double sw |       |       |       |       |       |       |       |   403 |  8172 ||  8575
       Double sword      |       |       |       |       |       |       |       |   149 |       ||   149
 Fire: Blowgun           |       |       |       |     1 |     4 |       |       |       |       ||     5
       Crossbow          |       |       |       |    30 |     3 |       |       |       |       ||    33
Throw: Stone             |       |       |       |     1 |     1 |     4 |       |       |       ||     6
Invok: Heroism           |       |       |       |     5 |    12 |    18 |    14 |     6 |       ||    55
       Finesse           |       |       |       |       |     6 |     8 |    10 |     5 |       ||    29
       Renounce Religion |       |       |       |       |       |       |       |     1 |       ||     1
       Divine Shield     |       |       |       |       |       |       |       |    18 |    49 ||    67
       Summon Divine War |       |       |       |       |       |       |       |     2 |    85 ||    87
       Cleansing Flame   |       |       |       |       |       |       |       |     1 |    25 ||    26
 Abil: Evoke Flight      |       |       |       |       |       |       |       |       |    16 ||    16
       Stop Flying       |       |       |       |       |       |       |       |       |     7 ||     7
       Evoke Teleportati |       |       |       |       |       |       |       |       |     5 ||     5
Evoke: Wand              |       |       |     3 |    10 |    25 |     3 |     8 |     8 |    95 ||   152
       Rod               |       |       |       |       |    14 |       |       |       |    24 ||    38
       Miscellaneous     |       |       |       |       |       |       |       |       |    43 ||    43
  Use: Potion            |       |     4 |       |     2 |     8 |    13 |     3 |    12 |    91 ||   133
       Scroll            |       |       |    16 |    13 |    21 |    17 |    11 |    11 |   103 ||   192
 Stab: Confused          |       |       |       |     3 |     1 |       |       |       |       ||     4
       Distracted        |       |       |       |       |     1 |       |       |       |    83 ||    84
       Fleeing           |       |       |       |       |       |     1 |       |     1 |     9 ||    11
       Petrified         |       |       |       |       |       |       |     4 |       |       ||     4
       Held in net/web   |       |       |       |       |       |       |     1 |       |       ||     1
